Workbook

Sheet EA
C3: ESTADO DE ACTIVIDADES
C4: Del 01 de Enero al 31 de Marzo del 2017 y 2016
C5: (Pesos)
E7: Ente Público: | F7: UNIVERSIDAD TECNOLÓGICA DEL SUROESTE DE GUANAJUATO
B10: Concepto | D10: 2017 | E10: 2016 | G10: Concepto | I10: 2017 | J10: 2016
B12: INGRESOS Y OTROS BENEFICIOS | G12: GASTOS Y OTRAS PÉRDIDAS
B13: Ingresos de la Gestión | D13: =SUM(D14:D21) -> -1263238.5 | E13: =SUM(E14:E21) -> -5922017.1 | G13: Gastos de Funcionamiento | I13: =SUM(I14:I16) -> 11502289 | J13: =SUM(J14:J16) -> 59728665
B14: Impuestos | D14: 0 | E14: 0 | G14: Servicios Personales | I14: 9175784.8 | J14: 43025764
B15: Cuotas y Aportaciones de Seguridad Social | D15: 0 | E15: 0 | G15: Materiales y Suministros | I15: 314116.66 | J15: 4277522.7
B16: Contribuciones de Mejoras | D16: 0 | E16: 0 | G16: Servicios Generales | I16: 2012387.5 | J16: 12425378
B17: Derechos | D17: 0 | E17: 0
B18: Productos de Tipo Corriente | D18: -1235097.9 | E18: -4611024.7 | G18: Transferencia, Asignaciones, Subsidios y Otras Ayudas | I18: =SUM(I19:I27) -> 40221.94 | J18: =SUM(J19:J27) -> 175356.95
B19: Aprovechamientos de Tipo Corriente | D19: -24106.09 | E19: -1177616.8 | G19: Transferencias Internas y Asignaciones al Sector Público | I19: 0 | J19: 0
B20: Ingresos por Venta de Bienes y Servicios | D20: -4034.5 | E20: -133375.57 | G20: Transferencias al Resto del Sector Público | I20: 0 | J20: 0
B21: Ingresos no Comprendidos en las Fracciones de la Ley de Ingresos Causados en Ejercicios Fiscales Anteriores Pendientes de Liquidación o Pago | D21: 0 | E21: 0 | G21: Subsidios y Subvenciones | I21: 0 | J21: 0
G22: Ayudas Sociales | I22: 40221.94 | J22: 175356.95
B23: Participaciones, Aportaciones, Transferencias, Asignaciones, Subsidios y Otras Ayudas | D23: =SUM(D24:D25) -> -13642415 | E23: =SUM(E24:E25) -> -56228253 | G23: Pensiones y Jubilaciones | I23: 0 | J23: 0
B24: Participaciones y Aportaciones | D24: -4972210 | E24: -24959475 | G24: Transferencias a Fideicomisos, Mandatos y Contratos Análogos | I24: 0 | J24: 0
B25: Transferencia, Asignaciones, Subsidios y Otras ayudas | D25: -8670205 | E25: -31268778 | G25: Transferencias a la Seguridad Social | I25: 0 | J25: 0
G26: Donativos | I26: 0 | J26: 0
B27: Otros Ingresos y Beneficios | D27: =SUM(D28:D32) -> -154198.9 | E27: =SUM(E28:E32) -> -786370.34 | G27: Transferencias al Exterior | I27: 0 | J27: 0
B28: Ingresos Financieros | D28: -154155.31 | E28: -786370.34
B29: Incremento por Variación de Inventarios | D29: 0 | E29: 0 | G29: Participaciones y Aportaciones | I29: =SUM(I30:I32) -> 0 | J29: =SUM(J30:J32) -> 0
B30: Disminución del Exceso de Estimaciones por Pérdida o Deterioro u Obsolescencia | D30: 0 | E30: 0 | G30: Participaciones | I30: 0 | J30: 0
B31: Disminución del Exceso de Provisiones | D31: 0 | E31: 0 | G31: Aportaciones | I31: 0 | J31: 0
B32: Otros Ingresos y Beneficios Varios | D32: -43.59 | E32: 0 | G32: Convenios | I32: 0 | J32: 0
B34: Total de Ingresos y Otros Beneficios | D34: =D13+D23+D27 -> -15059852 | E34: =E13+E23+E27 -> -62936640 | G34: Intereses, Comisiones y Otros Gastos de la Deuda Pública | I34: =SUM(I35:I39) -> 0 | J34: =SUM(J35:J39) -> 0
G35: Intereses de la Deuda Pública | I35: 0 | J35: 0
G36: Comisiones de la Deuda Pública | I36: 0 | J36: 0
G37: Gastos de la Deuda Pública | I37: 0 | J37: 0
G38: Costo por Coberturas | I38: 0 | J38: 0
G39: Apoyos Financieros | I39: 0 | J39: 0
G41: Otros Gastos y Pérdidas Extraordinarias | I41: =SUM(I42:I47) -> 0 | J41: =SUM(J42:J47) -> 3177734.5
G42: Estimaciones, Depreciaciones, Deterioros, Obsolescencia y Amortizaciones | I42: 0 | J42: 3177734.5
G43: Provisiones | I43: 0 | J43: 0
G44: Disminución de Inventarios | I44: 0 | J44: 0
G45: Aumento por Insuficiencia de Estimaciones por Pérdida o Deterioro y Obsolescencia | I45: 0 | J45: 0
G46: Aumento por Insuficiencia de Provisiones | I46: 0 | J46: 0
G47: Otros Gastos | I47: 0 | J47: 0
G49: Inversión Pública | I49: =SUM(I50) -> 0 | J49: =SUM(J50) -> 0
G50: Inversión Pública no Capitalizable | I50: 0 | J50: 0
G52: Total de Gastos y Otras Pérdidas | I52: =I13+I18+I29+I34+I41+I49 -> 11542511 | J52: =J13+J18+J29+J34+J41+J49 -> 63081756
G54: Resultados del Ejercicio (Ahorro/Desahorro) | I54: =D34+I52 -> -3517341.4 | J54: =E34+J52 -> 145115.95
A59: Bajo protesta de decir verdad declaramos que los Estados Financieros y sus Notas son razonablemente correctos y responsabilidad del emisor
C62: Mtro. Alejandro Sanchez García | G62: C.P. Marisol Zavala Torres
C63: Rector | G63: Directora de Administración y Finanzas
E67: C.P. Alejandra González Sixtos
E68: Jefa del Depto Contabilidad

Sheet ESF
C2: ESTADO DE SITUACIÓN FINANCIERA
C3: Al 31 de Marzo del 2017 y 2016
C4: (Pesos)
D5: Ente Público: | E5: UNIVERSIDAD TECNOLÓGICA DEL SUROESTE DE GUANAJUATO
B8: CONCEPTO | D8: Año | G8: CONCEPTO | I8: Año
D9: 2017 | E9: 2016 | I9: 2017 | J9: 2016
B12: ACTIVO | G12: PASIVO
B14: Activo Circulante | G14: Pasivo Circulante
B16: Efectivo y Equivalentes | D16: 52959922 | E16: 69211110 | G16: Cuentas por Pagar a Corto Plazo | I16: 46809584 | J16: 49330649
B17: Derechos a Recibir Efectivo o Equivalentes | D17: 14127987 | E17: 14520865 | G17: Documentos por Pagar a Corto Plazo | I17: 0 | J17: 0
B18: Derechos a Recibir Bienes o Servicios | D18: 19655481 | E18: 20350880 | G18: Porción a Corto Plazo de la Deuda Pública a Largo Plazo | I18: 0 | J18: 0
B19: Inventarios | D19: 2393800.4 | E19: 2393800.4 | G19: Títulos y Valores a Corto Plazo | I19: 0 | J19: 0
B20: Almacenes | D20: 0 | E20: 0 | G20: Pasivos Diferidos a Corto Plazo | I20: 0 | J20: 0
B21: Estimación por Pérdida o Deterioro de Activos Circulantes | D21: 0 | E21: 0 | G21: Fondos y Bienes de Terceros en Garantía y/o Administración a Corto Plazo | I21: 0 | J21: 0
B22: Otros Activos Circulantes | D22: 31242 | E22: 31242 | G22: Provisiones a Corto Plazo | I22: 0 | J22: 0
G23: Otros Pasivos a Corto Plazo | I23: -28546.62 | J23: -28546.62
B24: Total de Activos Circulantes | D24: =SUM(D16:D22) -> 89168433 | E24: =SUM(E16:E22) -> 1.065079e+08
G25: Total de Pasivos Circulantes | I25: =SUM(I16:I23) -> 46781037 | J25: =SUM(J16:J23) -> 49302102
B27: Activo No Circulante | G27: Pasivo No Circulante
B29: Inversiones Financieras a Largo Plazo | D29: 0 | E29: 0 | G29: Cuentas por Pagar a Largo Plazo | I29: 0 | J29: 0
B30: Derechos a Recibir Efectivo o Equivalentes a Largo Plazo | D30: 0 | E30: 0 | G30: Documentos por Pagar a Largo Plazo | I30: 0 | J30: 0
B31: Bienes Inmuebles, Infraestructura y Construcciones en Proceso | D31: 1.5774225e+08 | E31: 1.5635145e+08 | G31: Deuda Pública a Largo Plazo | I31: 0 | J31: 0
B32: Bienes Muebles | D32: 85469030 | E32: 84970012 | G32: Pasivos Diferidos a Largo Plazo | I32: 0 | J32: 0
B33: Activos Intangibles | D33: 0 | E33: 0 | G33: Fondos y Bienes de Terceros en Garantía y/o en Administración a Largo Plazo | I33: 0 | J33: 0
B34: Depreciación, Deterioro y Amortización Acumulada de Bienes | D34: -13601670 | E34: -13601670 | G34: Provisiones a Largo Plazo | I34: 0 | J34: 0
B35: Activos Diferidos | D35: 129285.27 | E35: 129285.27
B36: Estimación por Pérdida o Deterioro de Activos no Circulantes | G36: Total de Pasivos No Circulantes | I36: =SUM(I29:I34) -> 0 | J36: =SUM(J29:J34) -> 0
B37: Otros Activos no Circulantes | D37: 0 | E37: 0
G38: Total del Pasivo | I38: =I25+I36 -> 46781037 | J38: =J25+J36 -> 49302102
B39: Total de Activos No Circulantes | D39: =SUM(D29:D37) -> 2.2973889e+08 | E39: =SUM(E29:E37) -> 2.2784907e+08
G40: HACIENDA PÚBLICA/ PATRIMONIO
B41: Total del Activo | D41: =D24+D39 -> 3.1890732e+08 | E41: =E24+E39 -> 3.3435697e+08
G42: Hacienda Pública/Patrimonio Contribuido | I42: =SUM(I44:I46) -> 2.104764e+08 | J42: =SUM(J44:J46) -> 2.2668741e+08
G44: Aportaciones | I44: 2.0945035e+08 | J44: 2.2566135e+08
G45: Donaciones de Capital | I45: 1026053.4 | J45: 1026053.4
G46: Actualización de la Hacienda Pública / Patrimonio | I46: 0 | J46: 0
G48: Hacienda Pública/Patrimonio Generado | I48: =SUM(I50:I54) -> 61649884 | J48: =SUM(J50:J54) -> 58367465
G50: Resultados del Ejercicio (Ahorro / Desahorro) | I50: 3517341.4 | J50: -145115.95
G51: Resultados de Ejercicios Anteriores | I51: 58132543 | J51: 58512581
G52: Revalúos | I52: 0 | J52: 0
G53: Reservas | I53: 0 | J53: 0
G54: Rectificaciones de Resultados de Ejercicios Anteriores | I54: 0 | J54: 0
G56: Exceso o Insuficiencia en la Actualización de la Hacienda Publica/Patrimonio | I56: =SUM(I58:I59) -> 0 | J56: =SUM(J58:J59) -> 0
G58: Resultado por Posición Monetaria | I58: 0 | J58: 0
G59: Resultado por Tenencia de Activos no Monetarios | I59: 0 | J59: 0
G61: Total Hacienda Pública/ Patrimonio | I61: =I42+I48+I56 -> 2.7212629e+08 | J61: =J42+J48+J56 -> 2.8505487e+08
G63: Total del Pasivo y Hacienda Pública / Patrimonio | I63: =I38+I61 -> 3.1890732e+08 | J63: =J38+J61 -> 3.3435697e+08
B68: Bajo protesta de decir verdad declaramos que los Estados Financieros y sus Notas son razonablemente correctos y responsabilidad del emisor
C71: Mtro. Alehjandro Sánchez García | G71: C.P. Marisol Zavala Torres
C72: Rector | G72: Directora de Administración y Finanzas
E76: C.P. Alejandra González Sixtos
E77: Jefa del Depto Contabilidad

Sheet ECSF
C2: ESTADO DE CAMBIOS EN LA SITUACIÓN FINANCIERA
A3: Al 31 de Marzo del 2017
A4: (Pesos)
D5: Ente Público: | E5: UNIVERSIDAD TECNOLÓGICA DEL SUROESTE DE GUANAJUATO
B9: Concepto | D9: Origen | E9: Aplicación | G9: Concepto | I9: Origen | J9: Aplicación
B12: ACTIVO | D12: =D14-E24 -> 15449649 | E12: 0 | G12: PASIVO | I12: =I14+I25 -> 0 | J12: =J14+J25 -> 2521064.5
B14: Activo Circulante | D14: =SUM(D16:D22) -> 17339465 | E14: =SUM(E16:E22) -> 0 | G14: Pasivo Circulante | I14: =SUM(I16:I23) -> 0 | J14: =SUM(J16:J23) -> 2521064.5
B16: Efectivo y Equivalentes | D16: 16251188 | E16: 0 | G16: Cuentas por Pagar a Corto Plazo | I16: =IF(ESF!I16>ESF!J16,ESF!I16-ESF!J16,0) -> 0 | J16: 2521064.5
B17: Derechos a Recibir Efectivo o Equivalentes | D17: 392877.69 | E17: 0 | G17: Documentos por Pagar a Corto Plazo | I17: =IF(ESF!I17>ESF!J17,ESF!I17-ESF!J17,0) -> 0 | J17: =IF(I17>0,0,ESF!J17-ESF!I17) -> 0
B18: Derechos a Recibir Bienes o Servicios | D18: 695398.9 | E18: 0 | G18: Porción a Corto Plazo de la Deuda Pública a Largo Plazo | I18: =IF(ESF!I18>ESF!J18,ESF!I18-ESF!J18,0) -> 0 | J18: =IF(I18>0,0,ESF!J18-ESF!I18) -> 0
B19: Inventarios | D19: =IF(ESF!D19<ESF!E19,ESF!E19-ESF!D19,0) -> 0 | E19: =IF(D19>0,0,ESF!D19-ESF!E19) -> 0 | G19: Títulos y Valores a Corto Plazo | I19: =IF(ESF!I19>ESF!J19,ESF!I19-ESF!J19,0) -> 0 | J19: =IF(I19>0,0,ESF!J19-ESF!I19) -> 0
B20: Almacenes | D20: =IF(ESF!D20<ESF!E20,ESF!E20-ESF!D20,0) -> 0 | E20: =IF(D20>0,0,ESF!D20-ESF!E20) -> 0 | G20: Pasivos Diferidos a Corto Plazo | I20: =IF(ESF!I20>ESF!J20,ESF!I20-ESF!J20,0) -> 0 | J20: =IF(I20>0,0,ESF!J20-ESF!I20) -> 0
B21: Estimación por Pérdida o Deterioro de Activos Circulantes | D21: =IF(ESF!D21<ESF!E21,ESF!E21-ESF!D21,0) -> 0 | E21: =IF(D21>0,0,ESF!D21-ESF!E21) -> 0 | G21: Fondos y Bienes de Terceros en Garantía y/o Administración a Corto Plazo | I21: =IF(ESF!I21>ESF!J21,ESF!I21-ESF!J21,0) -> 0 | J21: =IF(I21>0,0,ESF!J21-ESF!I21) -> 0
B22: Otros Activos Circulantes | D22: =IF(ESF!D22<ESF!E22,ESF!E22-ESF!D22,0) -> 0 | E22: =IF(D22>0,0,ESF!D22-ESF!E22) -> 0 | G22: Provisiones a Corto Plazo | I22: =IF(ESF!I22>ESF!J22,ESF!I22-ESF!J22,0) -> 0 | J22: =IF(I22>0,0,ESF!J22-ESF!I22) -> 0
G23: Otros Pasivos a Corto Plazo | J23: 0
B24: Activo No Circulante | D24: =SUM(D26:D34) -> 0 | E24: =SUM(E26:E34)-D24 -> 1889815.5
G25: Pasivo No Circulante | I25: =SUM(I27:I32) -> 0 | J25: =SUM(J27:J32) -> 0
B26: Inversiones Financieras a Largo Plazo | D26: =IF(ESF!D29<ESF!E29,ESF!E29-ESF!D29,0) -> 0 | E26: =IF(D26>0,0,ESF!D29-ESF!E29) -> 0
B27: Derechos a Recibir Efectivo o Equivalentes a Largo Plazo | D27: =IF(ESF!D30<ESF!E30,ESF!E30-ESF!D30,0) -> 0 | E27: =IF(D27>0,0,ESF!D30-ESF!E30) -> 0 | G27: Cuentas por Pagar a Largo Plazo | I27: =IF(ESF!I29>ESF!J29,ESF!I29-ESF!J29,0) -> 0 | J27: =IF(I27>0,0,ESF!J29-ESF!I29) -> 0
B28: Bienes Inmuebles, Infraestructura y Construcciones en Proceso | D28: =IF(ESF!D31<ESF!E31,ESF!E31-ESF!D31,0) -> 0 | E28: =IF(D28>0,0,ESF!D31-ESF!E31) -> 1390797.9 | G28: Documentos por Pagar a Largo Plazo | I28: =IF(ESF!I30>ESF!J30,ESF!I30-ESF!J30,0) -> 0 | J28: =IF(I28>0,0,ESF!J30-ESF!I30) -> 0
B29: Bienes Muebles | D29: =IF(ESF!D32<ESF!E32,ESF!E32-ESF!D32,0) -> 0 | E29: =IF(D29>0,0,ESF!D32-ESF!E32) -> 499017.59 | G29: Deuda Pública a Largo Plazo | I29: =IF(ESF!I31>ESF!J31,ESF!I31-ESF!J31,0) -> 0 | J29: =IF(I29>0,0,ESF!J31-ESF!I31) -> 0
B30: Activos Intangibles | D30: =IF(ESF!D33<ESF!E33,ESF!E33-ESF!D33,0) -> 0 | E30: =IF(D30>0,0,ESF!D33-ESF!E33) -> 0 | G30: Pasivos Diferidos a Largo Plazo | I30: =IF(ESF!I32>ESF!J32,ESF!I32-ESF!J32,0) -> 0 | J30: =IF(I30>0,0,ESF!J32-ESF!I32) -> 0
B31: Depreciación, Deterioro y Amortización Acumulada de Bienes | D31: =IF(ESF!D34<ESF!E34,ESF!E34-ESF!D34,0) -> 0 | E31: =IF(D31>0,0,ESF!D34-ESF!E34) -> 0 | G31: Fondos y Bienes de Terceros en Garantía y/o en Administración a Largo Plazo | I31: =IF(ESF!I33>ESF!J33,ESF!I33-ESF!J33,0) -> 0 | J31: =IF(I31>0,0,ESF!J33-ESF!I33) -> 0
B32: Activos Diferidos | D32: =IF(ESF!D35<ESF!E35,ESF!E35-ESF!D35,0) -> 0 | E32: =IF(D32>0,0,ESF!D35-ESF!E35) -> 0 | G32: Provisiones a Largo Plazo | I32: =IF(ESF!I34>ESF!J34,ESF!I34-ESF!J34,0) -> 0 | J32: =IF(I32>0,0,ESF!J34-ESF!I34) -> 0
B33: Estimación por Pérdida o Deterioro de Activos no Circulantes | D33: =IF(ESF!D36<ESF!E36,ESF!E36-ESF!D36,0) -> 0 | E33: =IF(D33>0,0,ESF!D36-ESF!E36) -> 0
B34: Otros Activos no Circulantes | D34: =IF(ESF!D37<ESF!E37,ESF!E37-ESF!D37,0) -> 0 | E34: =IF(D34>0,0,ESF!D37-ESF!E37) -> 0 | G34: HACIENDA PÚBLICA/ PATRIMONIO | I34: =I36+I42+I50 -> 3282419.8 | J34: =J36+J42+J50 -> 16591042
G36: Hacienda Pública/Patrimonio Contribuido | I36: =SUM(I38:I40) -> 0 | J36: =SUM(J38:J40) -> 16211005
G38: Aportaciones | I38: 0 | J38: 16211005
G39: Donaciones de Capital | I39: =IF(ESF!I45>ESF!J45,ESF!I45-ESF!J45,0) -> 0
G40: Actualización de la Hacienda Pública / Patrimonio | I40: =IF(ESF!I46>ESF!J46,ESF!I46-ESF!J46,0) -> 0 | J40: =IF(I40>0,0,ESF!J46-ESF!I46) -> 0
G42: Hacienda Pública/Patrimonio Generado | I42: =SUM(I44:I48)-J42 -> 3282419.8 | J42: =SUM(J44:J48) -> 380037.55
G44: Resultados del Ejercicio (Ahorro / Desahorro) | I44: 3662457.4 | J44: 0
G45: Resultados de Ejercicios Anteriores | I45: 0 | J45: 380037.55
G46: Revalúos | I46: =IF(ESF!I52>ESF!J52,ESF!I52-ESF!J52,0) -> 0 | J46: =IF(I46>0,0,ESF!J52-ESF!I52) -> 0
G47: Reservas | I47: =IF(ESF!I53>ESF!J53,ESF!I53-ESF!J53,0) -> 0 | J47: =IF(I47>0,0,ESF!J53-ESF!I53) -> 0
G48: Rectificaciones de Resultados de Ejercicios Anteriores | I48: =IF(ESF!I54>ESF!J54,ESF!I54-ESF!J54,0) -> 0 | J48: =IF(I48>0,0,ESF!J54-ESF!I54) -> 0
G50: Exceso o Insuficiencia en la Actualización de la Hacienda Pública/Patrimonio | I50: =SUM(I52:I53) -> 0 | J50: =SUM(J52:J53) -> 0
G52: Resultado por Posición Monetaria | I52: =IF(ESF!I58>ESF!J58,ESF!I58-ESF!J58,0) -> 0 | J52: =IF(I52>0,0,ESF!J58-ESF!I58) -> 0
G53: Resultado por Tenencia de Activos no Monetarios | I53: =IF(ESF!I59>ESF!J59,ESF!I59-ESF!J59,0) -> 0 | J53: =IF(I53>0,0,ESF!J59-ESF!I59) -> 0
B57: Bajo protesta de decir verdad declaramos que los Estados Financieros y sus Notas son razonablemente correctos y responsabilidad del emisor
C60: Mtro. Alejandro Sánchez García | G60: C.P. Marisol Zavala Torres
C61: Rector | G61: Directora de Administración y Finanzas
E64: C.P. Alejandra González Sixtos
E65: Jefa del Depto Contabilidad

Sheet EAA
C2: ESTADO ANALÍTICO DEL ACTIVO
A3: Al 31 de Marzo del 2017
C4: (Pesos)
C5: Ente Público: | D5: UNIVERSIDAD TECNOLÓGICA DEL SUROESTE DE GUANAJUATO
B8: Concepto | D8: Saldo Inicial | E8: Cargos del Periodo | F8: Abonos del Periodo | G8: Saldo Final | H8: Variación del Periodo
D9: 1 | E9: 2 | F9: 3 | G9: 4 =(1+2-3) | H9: (4-1)
B12: ACTIVO | D12: =+D14+D24 -> 3.3435697e+08 | E12: =+E14+E24 -> 38555827 | F12: =+F14+F24 -> 54005476 | G12: =+D12+E12-F12 -> 3.1890732e+08 | H12: =+G12-D12 -> -15449649
G13: =+D13+E13-F13 -> 0
B14: Activo Circulante | D14: =SUM(D16:D22) -> 1.065079e+08 | E14: =SUM(E16:E22) -> 36666011 | F14: =SUM(F16:F22) -> 54005476 | G14: =+D14+E14-F14 -> 89168433 | H14: =+G14-D14 -> -17339465
B16: Efectivo y Equivalentes | D16: 69211110 | E16: 32853987 | F16: 49105175 | G16: =+D16+E16-F16 -> 52959922 | H16: =+G16-D16 -> -16251188 | K16: =IF(G16=ESF!D16," ","Error")
B17: Derechos a Recibir Efectivo o Equivalentes | D17: 14520865 | E17: 3812024.9 | F17: 4204902.6 | G17: =+D17+E17-F17 -> 14127987 | H17: =+G17-D17 -> -392877.69 | K17: =IF(G17=ESF!D17," ","Error")
B18: Derechos a Recibir Bienes o Servicios | D18: 20350880 | E18: 0 | F18: 695398.95 | G18: =+D18+E18-F18 -> 19655481 | H18: =+G18-D18 -> -695398.95 | K18: =IF(G18=ESF!D18," ","Error")
B19: Inventarios | D19: 2393800.4 | E19: 0 | F19: 0 | G19: =+D19+E19-F19 -> 2393800.4 | H19: =+G19-D19 -> 0 | K19: =IF(G19=ESF!D19," ","Error")
B20: Almacenes | D20: 0 | E20: 0 | F20: 0 | G20: =+D20+E20-F20 -> 0 | H20: =+G20-D20 -> 0 | K20: =IF(G20=ESF!D20," ","Error")
B21: Estimación por Pérdida o Deterioro de Activos Circulantes | D21: 0 | E21: 0 | F21: 0 | G21: =+D21+E21-F21 -> 0 | H21: =+G21-D21 -> 0 | K21: =IF(G21=ESF!D21," ","Error")
B22: Otros Activos Circulantes | D22: 31242 | E22: 0 | F22: 0 | G22: =+D22+E22-F22 -> 31242 | H22: =+G22-D22 -> 0 | K22: =IF(G22=ESF!D22," ","Error")
B24: Activo No Circulante | D24: =SUM(D26:D34) -> 2.2784907e+08 | E24: =SUM(E26:E34) -> 1889815.5 | F24: =SUM(F26:F34) -> 0 | G24: =+D24+E24-F24 -> 2.2973889e+08 | H24: =+G24-D24 -> 1889815.5
B26: Inversiones Financieras a Largo Plazo | D26: 0 | E26: 0 | F26: 0 | G26: =+D26+E26-F26 -> 0 | H26: =+G26-D26 -> 0
B27: Derechos a Recibir Efectivo o Equivalentes a Largo Plazo | D27: 0 | E27: 0 | F27: 0 | G27: =+D27+E27-F27 -> 0 | H27: =+G27-D27 -> 0
B28: Bienes Inmuebles, Infraestructura y Construcciones en Proceso | D28: 1.5635145e+08 | E28: 1390797.9 | F28: 0 | G28: =+D28+E28-F28 -> 1.5774225e+08 | H28: =+G28-D28 -> 1390797.9
B29: Bienes Muebles | D29: 84970012 | E29: 499017.59 | F29: 0 | G29: =+D29+E29-F29 -> 85469030 | H29: =+G29-D29 -> 499017.59
B30: Activos Intangibles | D30: 0 | E30: 0 | F30: 0 | G30: =+D30+E30-F30 -> 0 | H30: =+G30-D30 -> 0
B31: Depreciación, Deterioro y Amortización Acumulada de Bienes | D31: -13601670 | E31: 0 | F31: 0 | G31: =+D31+E31-F31 -> -13601670 | H31: =+G31-D31 -> 0
B32: Activos Diferidos | D32: 129285.27 | E32: 0 | F32: 0 | G32: =+D32+E32-F32 -> 129285.27 | H32: =+G32-D32 -> 0
B33: Estimación por Pérdida o Deterioro de Activos no Circulantes | D33: 0 | E33: 0 | F33: 0 | G33: =+D33+E33-F33 -> 0 | H33: =+G33-D33 -> 0
B34: Otros Activos no Circulantes | D34: 0 | E34: 0 | F34: 0 | G34: =+D34+E34-F34 -> 0 | H34: =+G34-D34 -> 0 | K34: =IF(EAA!G34=ESF!D37," ","error")
B38: Bajo protesta de decir verdad declaramos que los Estados Financieros y sus Notas son razonablemente correctos y responsabilidad del emisor
B41: Mtro. Alejandro Sánchez García | E41: C.P. Marisol Zavala Torres
B42: Rector | E42: Directora de Administración y Finanzas
D45: C.P. Alejandra González Sixtos
D46: Jefa del Depto Contabilidad

Sheet EADP
C2: ESTADO ANALÍTICO DE LA DEUDA Y OTROS PASIVOS
A3: Al 31 de Marzo del 2017
C4: (Pesos)
D6: Ente Público: | E6: UNIVERSIDAD TECNOLÓGICA DEL SUROESTE DE GUANAJUATO
B9: Denominación de las Deudas | F9: Moneda de Contratación | G9: Institución o País Acreedor | H9: Saldo Inicial del Periodo | I9: Saldo Final del Periodo
B12: DEUDA PÚBLICA
B13: Corto Plazo
B14: Deuda Interna | H14: =SUM(H15:H17) -> 0 | I14: =SUM(I15:I17) -> 0
C15: Instituciones de Crédito | H15: 0 | I15: 0
C16: Títulos y Valores | H16: 0 | I16: 0
C17: Arrendamientos Financieros | H17: 0 | I17: 0
B19: Deuda Externa | H19: =SUM(H20:H23) -> 0 | I19: =SUM(I20:I23) -> 0
C20: Organismos Financieros Internacionales | H20: 0 | I20: 0
C21: Deuda Bilateral | H21: 0 | I21: 0
C22: Títulos y Valores | H22: 0 | I22: 0
C23: Arrendamientos Financieros | H23: 0 | I23: 0
B25: Subtotal a Corto Plazo | H25: =H14+H19 -> 0 | I25: =I14+I19 -> 0
B27: Largo Plazo
B28: Deuda Interna | H28: =SUM(H29:H31) -> 0 | I28: =SUM(I29:I31) -> 0
C29: Instituciones de Crédito | H29: 0 | I29: 0
C30: Títulos y Valores | H30: 0 | I30: 0
C31: Arrendamientos Financieros | H31: 0 | I31: 0
B33: Deuda Externa | H33: =SUM(H34:H37) -> 0 | I33: =SUM(I34:I37) -> 0
C34: Organismos Financieros Internacionales | H34: 0 | I34: 0
C35: Deuda Bilateral | H35: 0 | I35: 0
C36: Títulos y Valores | H36: 0 | I36: 0
C37: Arrendamientos Financieros | H37: 0 | I37: 0
B39: Subtotal a Largo Plazo | H39: =+H28+H33 -> 0 | I39: =+I28+I33 -> 0
B41: Otros Pasivos | H41: 49302102 | I41: 46781037
B43: Total Deuda y Otros Pasivos | H43: =H25+H39+H41 -> 49302102 | I43: =I25+I39+I41 -> 46781037
B46: Bajo protesta de decir verdad declaramos que los Estados Financieros y sus Notas son razonablemente correctos y responsabilidad del emisor
C49: Mtro. Alejandro Sánchez García | G49: C.P. Marisol Zavala Torres
C50: Rector | G50: Director de Administración y Finanzas
F54: C.P. Alejandra González Sixtos
F55: Jefa del Depto Contabilidad

Sheet EVHP
C2: ESTADO DE VARIACIÓN DE LA HACIENDA PÚBLICA
A3: Al 31 de Marzo del 2017
C4: (pesos)
C6: Ente Público: | D6: UNIVERSIDAD TECNOLÓGICA DEL SUROESTE DE GUANAJUATO
B9: Concepto | D9: Hacienda Pública/Patrimonio Contribuido | E9: Hacienda Pública/Patrimonio Generado de Ejercicios Anteriores | F9: Hacienda Pública/Patrimonio Generado del Ejercicio | G9: Ajustes por Cambios de Valor | H9: TOTAL
B12: Rectificaciones de Resultados de Ejercicios Anteriores | D12: 0 | E12: 0 | F12: 0 | G12: 0 | H12: =SUM(D12:G12) -> 0
B14: Patrimonio Neto Inicial Ajustado del Ejercicio | D14: =SUM(D15:D17) -> 2.2668741e+08 | E14: =SUM(E15:E17) -> 0 | F14: =SUM(F15:F17) -> 0 | G14: =SUM(G15:G17) -> 0 | H14: =SUM(D14:G14) -> 2.2668741e+08
B15: Aportaciones | D15: =+ESF!J44 -> 2.2566135e+08 | E15: 0 | F15: 0 | G15: 0 | H15: =SUM(D15:G15) -> 2.2566135e+08
B16: Donaciones de Capital | D16: =+ESF!J45 -> 1026053.4 | E16: 0 | F16: 0 | G16: 0 | H16: =SUM(D16:G16) -> 1026053.4
B17: Actualización de la Hacienda Pública/Patrimonio | D17: 0 | E17: 0 | F17: 0 | G17: 0 | H17: =SUM(D17:G17) -> 0
B19: Variaciones de la Hacienda Pública/Patrimonio Neto del Ejercicio | D19: =SUM(D20:D23) -> 0 | E19: =SUM(E20:E23) -> 58367465 | F19: =SUM(F20:F23) -> 0 | G19: =SUM(G20:G23) -> 0 | H19: =SUM(D19:G19) -> 58367465
B20: Resultados del Ejercicio (Ahorro/Desahorro) | D20: 0 | E20: =+ESF!J50 -> -145115.95 | F20: 0 | G20: 0 | H20: =SUM(D20:G20) -> -145115.95
B21: Resultados de Ejercicios Anteriores | D21: 0 | E21: =+ESF!J51 -> 58512581 | F21: 0 | G21: 0 | H21: =SUM(D21:G21) -> 58512581
B22: Revalúos | D22: 0 | E22: 0 | F22: 0 | G22: 0 | H22: =SUM(D22:G22) -> 0
B23: Reservas | D23: 0 | E23: 0 | F23: 0 | G23: 0 | H23: =SUM(D23:G23) -> 0
B25: Hacienda Pública/Patrimonio Neto Final del Ejercicio 2015 | D25: =D12+D14+D19 -> 2.2668741e+08 | E25: =E12+E14+E19 -> 58367465 | F25: =F12+F14+F19 -> 0 | G25: =G12+G14+G19 -> 0 | H25: =SUM(D25:G25) -> 2.8505487e+08 | J25: =+ESF!J61-EVHP!H25 -> 0
B27: Cambios en la Hacienda Pública/Patrimonio Neto del Ejercicio 2016 | D27: =SUM(D28:D30) -> -16211005 | E27: =SUM(E28:E30) -> 0 | F27: =SUM(F28:F30) -> 0 | G27: =SUM(G28:G30) -> 0 | H27: =SUM(D27:G27) -> -16211005
B28: Aportaciones | D28: -16211005 | E28: 0 | F28: 0 | G28: 0 | H28: =SUM(D28:G28) -> -16211005
B29: Donaciones de Capital | D29: 0 | E29: 0 | F29: 0 | G29: 0 | H29: =SUM(D29:G29) -> 0
B30: Actualización de la Hacienda Pública/Patrimonio | D30: 0 | E30: 0 | F30: 0 | G30: 0 | H30: =SUM(D30:G30) -> 0
B32: Variaciones de la Hacienda Pública/Patrimonio Neto del Ejercicio | D32: =SUM(D33:D36) -> 0 | E32: =SUM(E33:E36) -> 0 | F32: =SUM(F33:F36) -> 3137303.9 | G32: =SUM(G33:G36) -> 0 | H32: =SUM(D32:G32) -> 3137303.9
B33: Resultados del Ejercicio (Ahorro/Desahorro) | D33: 0 | E33: 0 | F33: 3517341.4 | G33: 0 | H33: =SUM(D33:G33) -> 3517341.4
B34: Resultados de Ejercicios Anteriores | D34: 0 | E34: 0 | F34: -380037.55 | G34: 0 | H34: =SUM(D34:G34) -> -380037.55
B35: Revalúos | D35: 0 | E35: 0 | F35: 0 | G35: 0 | H35: =SUM(D35:G35) -> 0
B36: Reservas | D36: 0 | E36: 0 | F36: 0 | G36: 0 | H36: =SUM(D36:G36) -> 0
B38: Saldo Neto en la Hacienda Pública / Patrimonio 2016 | D38: =D25+D27+D32 -> 2.104764e+08 | E38: =E25+E27+E32 -> 58367465 | F38: =F27+F32 -> 3137303.9 | G38: =G25+G27+G32 -> 0 | H38: =SUM(D38:G38) -> 2.7198117e+08 | J38: =+H38-ESF!I61 -> -145115.95
B41: Bajo protesta de decir verdad declaramos que los Estados Financieros y sus Notas son razonablemente correctos y responsabilidad del emisor
C44: Mtro. Alejandro Sánchez García | G44: C.P. Marisol Zavala Torres
C45: Rector | G45: Directora de Administración y Finanzas
E48: C.P. Alejandra González Sixtos
E49: Jefa del Depto Contabilidad

Sheet EFE
A2: ESTADOS DE FLUJOS DE EFECTIVO
A3: Al 31 de Marzo del 2017
A4: (Pesos)
G6: Ente Público: | H6: UNIVERSIDAD TECNOLÓGICA DEL SUROESTE DE GUANAJUATO
B9: Concepto | G9: 2017 | H9: 2016 | J9: Concepto | O9: 2017 | P9: 2016
B12: Flujos de Efectivo de las Actividades de Gestión | J12: Flujos de Efectivo de las Actividades de Inversión
C14: Origen | G14: =SUM(G15:G25) -> 15059852 | H14: =SUM(H15:H25) -> 62936640 | K14: Origen | O14: =SUM(O15:O17) -> 16211005 | P14: =SUM(P15:P17) -> -7631402.9
D15: Impuestos | G15: 0 | H15: 0 | L15: Bienes Inmuebles, Infraestructura y Construcciones en Proceso | O15: 13014512 | P15: -4972175.7
D16: Cuotas y Aportaciones de Seguridad Social | L16: Bienes Muebles | O16: 3196493 | P16: -2659227.2
D17: Contribuciones de mejoras | G17: 0 | H17: 0 | L17: Otros Orígenes de Inversión | O17: 0 | P17: 0
D18: Derechos | G18: 0 | H18: 0
D19: Productos de Tipo Corriente | G19: 1235097.9 | H19: 4611024.7 | K19: Aplicación | O19: =SUM(O20:O22) -> 1889815.5 | P19: =SUM(P20:P22) -> 19987223
D20: Aprovechamientos de Tipo Corriente | G20: 24106.09 | H20: 1177616.8 | L20: Bienes Inmuebles, Infraestructura y Construcciones en Proceso | O20: 1390797.9 | P20: 14962477
D21: Ingresos por Venta de Bienes y Servicios | G21: 4034.5 | H21: 133375.57 | L21: Bienes Muebles | O21: 499017.59 | P21: 5024746
D22: Ingresos no Comprendidos en las Fracciones de la Ley de Ingresos Causados en Ejercicios Fiscales Anteriores Pendientes de Liquidación o Pago | G22: 0 | H22: 0 | L22: Otras Aplicaciones de Inversión | O22: 0 | P22: 0
D23: Participaciones y Aportaciones | G23: 4972210 | H23: 24959475 | K23: Flujos Netos de Efectivo por Actividades de Inversión | O23: =O14+O19 -> 18100820 | P23: =P14+P19 -> 12355820
D24: Transferencias, Asignaciones y Subsidios y Otras Ayudas | G24: 8670205 | H24: 31268778
D25: Otros Orígenes de Operación | G25: 154198.9 | H25: 786370.34
J26: Flujo de Efectivo de las Actividades de Financiamiento
C27: Aplicación | G27: =SUM(G28:G46) -> 11542511 | H27: =SUM(H28:H46) -> 59904022
D28: Servicios Personales | G28: 9175784.8 | H28: 43025764 | K28: Origen | O28: =O29+O32 -> 0 | P28: =P29+P32 -> 0
D29: Materiales y Suministros | G29: 314116.66 | H29: 4277522.7 | L29: Endeudamiento Neto | O29: =SUM(O30:O31) -> 0 | P29: =SUM(P30:P31) -> 0
D30: Servicios Generales | G30: 2012387.5 | H30: 12425378 | L30: Interno | O30: 0 | P30: 0
L31: Externo | O31: 0 | P31: 0
D32: Transferencias Internas y Asignaciones al Sector Público | G32: 0 | H32: 0 | L32: Otros Orígenes de Financiamiento | O32: 0 | P32: 0
D33: Transferencias al resto del Sector Público | G33: 0 | H33: 0
D34: Subsidios y Subvenciones | G34: 0 | H34: 0 | K34: Aplicación | O34: =O35+O38 -> 1667709.5 | P34: =P35+P38 -> -896421.14
D35: Ayudas Sociales | G35: 40221.94 | H35: 175356.95 | L35: Servicios de la Deuda | O35: =SUM(O36:O37) -> 0 | P35: =SUM(P36:P37) -> 0
D36: Pensiones y Jubilaciones | G36: 0 | H36: 0 | L36: Interno | O36: 0 | P36: 0
D37: Transferencias a Fideicomisos, Mandatos y Contratos Análogos | G37: 0 | H37: 0 | L37: Externo | O37: 0 | P37: 0
D38: Transferencias a la Seguridad Social | G38: 0 | H38: 0 | L38: Otras Aplicaciones de Financiamiento | O38: 1667709.5 | P38: -896421.14
D39: Donativos | G39: 0 | H39: 0
D40: Transferencias al Exterior | G40: 0 | H40: 0 | K40: Flujos netos de Efectivo por Actividades de Financiamiento | O40: =O28+O34 -> 1667709.5 | P40: =P28+P34 -> -896421.14
D42: Participaciones | G42: 0 | H42: 0
D43: Aportaciones | G43: 0 | H43: 0 | J43: Incremento/Disminución Neta en el Efectivo y Equivalentes al Efectivo | O43: =G48-O23-O40 -> -16251188 | P43: =H48-P23-P40 -> -8426780.6
D44: Convenios | G44: 0 | H44: 0
D46: Otras Aplicaciones de Operación | G46: 0 | H46: 0
J47: Efectivo y Equivalente al Efectivo al Inicio del Ejericio | O47: 69211110 | P47: 77637891 | Q47: 77637891
C48: Flujos Netos de Efectivo por Actividades de Operación | G48: =G14-G27 -> 3517341.4 | H48: =H14-H27 -> 3032618.5 | J48: Efectivo y Equivalente al Efectivo al Final del Ejericio | O48: =+O47+O43 -> 52959922 | P48: =+P43+P47 -> 69211110
B53: Bajo protesta de decir verdad declaramos que los Estados Financieros y sus Notas son razonablemente correctos y responsabilidad del emisor
D56: Mtro. Alejandro Sánchez García | L56: C.P. Marisol Zavala Torres
D57: Rector | L57: Directora de Administración y Finanzas
G60: C.P. Alejandra González Sixtos
G61: Jefa del Depto Contabilidad

Sheet PT_ESF_ECSF
A2: Sector: | E2: =ESF!#REF! -> #REF!
A3: Ente Público: | E3: =ESF!C5 -> 0
A4: Fecha:
A5: Edo. Financiero | E5: EF
C6: Año | E6: 2013
A7: Activo | B7: Activo Circulante | C7: Efectivo y Equivalentes | E7: =ESF!D16 -> 52959922
C8: Derechos a Recibir Efectivo o Equivalentes | E8: =ESF!D17 -> 14127987
C9: Derechos a Recibir Bienes o Servicios | E9: =ESF!D18 -> 19655481
C10: Inventarios | E10: =ESF!D19 -> 2393800.4
C11: Almacenes | E11: =ESF!D20 -> 0
C12: Estimación por Pérdida o Deterioro de Activos Circulantes | E12: =ESF!D21 -> 0
C13: Otros Activos Circulantes | E13: =ESF!D22 -> 31242
C14: Total de Activos Circulantes | E14: =ESF!D24 -> 89168433
B15: Activo No Circulante | C15: Inversiones Financieras a Largo Plazo | E15: =ESF!D29 -> 0
C16: Derechos a Recibir Efectivo o Equivalentes a Largo Plazo | E16: =ESF!D30 -> 0
C17: Bienes Inmuebles, Infraestructura y Construcciones en Proceso | E17: =ESF!D31 -> 1.5774225e+08
C18: Bienes Muebles | E18: =ESF!D32 -> 85469030
C19: Activos Intangibles | E19: =ESF!D33 -> 0
C20: Depreciación, Deterioro y Amortización Acumulada de Bienes | E20: =ESF!D34 -> -13601670
C21: Activos Diferidos | E21: =ESF!D35 -> 129285.27
C22: Estimación por Pérdida o Deterioro de Activos no Circulantes | E22: =ESF!D36 -> 0
C23: Otros Activos no Circulantes | E23: =ESF!D37 -> 0
C24: Total de Activos No Circulantes | E24: =ESF!D39 -> 2.2973889e+08
C25: TOTAL DEL ACTIVO | E25: =ESF!D41 -> 3.1890732e+08
A26: Pasivo | B26: Pasivo Circulante | C26: Cuentas por Pagar a Corto Plazo | E26: =ESF!I16 -> 46809584
C27: Documentos por Pagar a Corto Plazo | E27: =ESF!I17 -> 0
C28: Porción a Corto Plazo de la Deuda Pública a Largo Plazo | E28: =ESF!I18 -> 0
C29: Títulos y Valores a Corto Plazo | E29: =ESF!I19 -> 0
C30: Pasivos Diferidos a Corto Plazo | E30: =ESF!I20 -> 0
C31: Fondos y Bienes de Terceros en Garantía y/o Administración a Corto Plazo | E31: =ESF!I21 -> 0
C32: Provisiones a Corto Plazo | E32: =ESF!I22 -> 0
C33: Otros Pasivos a Corto Plazo | E33: =ESF!I23 -> -28546.62
C34: Total de Pasivos Circulantes | E34: =ESF!I25 -> 46781037
B35: Pasivo No Circulante | C35: Cuentas por Pagar a Largo Plazo | E35: =ESF!I29 -> 0
C36: Documentos por Pagar a Largo Plazo | E36: =ESF!I30 -> 0
C37: Deuda Pública a Largo Plazo | E37: =ESF!I31 -> 0
C38: Pasivos Diferidos a Largo Plazo | E38: =ESF!I32 -> 0
C39: Fondos y Bienes de Terceros en Garantía y/o en Administración a Largo Plazo | E39: =ESF!I33 -> 0
C40: Provisiones a Largo Plazo | E40: =ESF!I34 -> 0
C41: Total de Pasivos No Circulantes | E41: =ESF!I36 -> 0
C42: TOTAL DEL PASIVO | E42: =ESF!I38 -> 46781037
B43: HACIENDA PÚBLICA/ PATRIMONIO | C43: Hacienda Pública/Patrimonio Contribuido | E43: =ESF!I42 -> 2.104764e+08
C44: Aportaciones | E44: =ESF!I44 -> 2.0945035e+08
C45: Donaciones de Capital | E45: =ESF!I45 -> 1026053.4
C46: Actualización de la Hacienda Pública / Patrimonio | E46: =ESF!I46 -> 0
C47: Hacienda Pública/Patrimonio Generado | E47: =ESF!I48 -> 61649884
C48: Resultados del Ejercicio (Ahorro / Desahorro) | E48: =ESF!I50 -> 3517341.4
C49: Resultados de Ejercicios Anteriores | E49: =ESF!I51 -> 58132543
C50: Revalúos | E50: =ESF!I52 -> 0
C51: Reservas | E51: =ESF!I53 -> 0
C52: Rectificaciones de Resultados de Ejercicios Anteriores | E52: =ESF!I54 -> 0
C53: Exceso o Insuficiencia en la Actualización de la Hacienda Publica/Patrimonio | E53: =ESF!I56 -> 0
C54: Resultado por Posición Monetaria | E54: =ESF!I58 -> 0
C55: Resultado por Tenencia de Activos no Monetarios | E55: =ESF!I59 -> 0
C56: Total Hacienda Pública/ Patrimonio | E56: =ESF!I61 -> 2.7212629e+08
C57: TOTAL DEL PASIVO Y HACIENDA PÚBLICA / PATRIMONIO | E57: =ESF!I63 -> 3.1890732e+08
C58: Año | E58: 2012
A59: Activo | B59: Activo Circulante | C59: Efectivo y Equivalentes | E59: =ESF!E16 -> 69211110
C60: Derechos a Recibir Efectivo o Equivalentes | E60: =ESF!E17 -> 14520865
C61: Derechos a Recibir Bienes o Servicios | E61: =ESF!E18 -> 20350880
C62: Inventarios | E62: =ESF!E19 -> 2393800.4
C63: Almacenes | E63: =ESF!E20 -> 0
C64: Estimación por Pérdida o Deterioro de Activos Circulantes | E64: =ESF!E21 -> 0
C65: Otros Activos Circulantes | E65: =ESF!E22 -> 31242
C66: Total de Activos Circulantes | E66: =ESF!E24 -> 1.065079e+08
B67: Activo No Circulante | C67: Inversiones Financieras a Largo Plazo | E67: =ESF!E29 -> 0
C68: Derechos a Recibir Efectivo o Equivalentes a Largo Plazo | E68: =ESF!E30 -> 0
C69: Bienes Inmuebles, Infraestructura y Construcciones en Proceso | E69: =ESF!E31 -> 1.5635145e+08
C70: Bienes Muebles | E70: =ESF!E32 -> 84970012
C71: Activos Intangibles | E71: =ESF!E33 -> 0
C72: Depreciación, Deterioro y Amortización Acumulada de Bienes | E72: =ESF!E34 -> -13601670
C73: Activos Diferidos | E73: =ESF!E35 -> 129285.27
C74: Estimación por Pérdida o Deterioro de Activos no Circulantes | E74: =ESF!E36 -> 0
C75: Otros Activos no Circulantes | E75: =ESF!E37 -> 0
C76: Total de Activos No Circulantes | E76: =ESF!E39 -> 2.2784907e+08
C77: TOTAL DEL ACTIVO | E77: =ESF!E41 -> 3.3435697e+08
A78: Pasivo | B78: Pasivo Circulante | C78: Cuentas por Pagar a Corto Plazo | E78: =ESF!J16 -> 49330649
C79: Documentos por Pagar a Corto Plazo | E79: =ESF!J17 -> 0
C80: Porción a Corto Plazo de la Deuda Pública a Largo Plazo | E80: =ESF!J18 -> 0
C81: Títulos y Valores a Corto Plazo | E81: =ESF!J19 -> 0
C82: Pasivos Diferidos a Corto Plazo | E82: =ESF!J20 -> 0
C83: Fondos y Bienes de Terceros en Garantía y/o Administración a Corto Plazo | E83: =ESF!J21 -> 0
C84: Provisiones a Corto Plazo | E84: =ESF!J22 -> 0
C85: Otros Pasivos a Corto Plazo | E85: =ESF!J23 -> -28546.62
C86: Total de Pasivos Circulantes | E86: =ESF!J25 -> 49302102
B87: Pasivo No Circulante | C87: Cuentas por Pagar a Largo Plazo | E87: =ESF!J29 -> 0
C88: Documentos por Pagar a Largo Plazo | E88: =ESF!J30 -> 0
C89: Deuda Pública a Largo Plazo | E89: =ESF!J31 -> 0
C90: Pasivos Diferidos a Largo Plazo | E90: =ESF!J32 -> 0
C91: Fondos y Bienes de Terceros en Garantía y/o en Administración a Largo Plazo | E91: =ESF!J33 -> 0
C92: Provisiones a Largo Plazo | E92: =ESF!J34 -> 0
C93: Total de Pasivos No Circulantes | E93: =ESF!J36 -> 0
C94: TOTAL DEL PASIVO | E94: =ESF!J38 -> 49302102
B95: HACIENDA PÚBLICA/ PATRIMONIO | C95: Hacienda Pública/Patrimonio Contribuido | E95: =ESF!J42 -> 2.2668741e+08
C96: Aportaciones | E96: =ESF!J44 -> 2.2566135e+08
C97: Donaciones de Capital | E97: =ESF!J45 -> 1026053.4
C98: Actualización de la Hacienda Pública / Patrimonio | E98: =ESF!J46 -> 0
C99: Hacienda Pública/Patrimonio Generado | E99: =ESF!J48 -> 58367465
C100: Resultados del Ejercicio (Ahorro / Desahorro) | E100: =ESF!J50 -> -145115.95
C101: Resultados de Ejercicios Anteriores | E101: =ESF!J51 -> 58512581
...

Sheet PC
A2: INFORME DE PASIVOS CONTIGENTES
A3: Al 31 de Marzo del 2017
A4: (Pesos)
B6: Ente Público: UNIVERSIDAD TECNOLÓGICA DEL SUROESTE DE GUANAJUATO
A8: NOMBRE | B8: CONCEPTO
A9: JUICIOS
B13: NO APLICA
A14: GARANTÍAS
A19: AVALES
A24: PENSIONES Y JUBILACIONES
A27: Bajo protesta de decir verdad declaramos que los Estados Financieros y sus Notas son razonablemente correctos y responsabilidad del emisor
B32: Mtro. Alejandro Sánchez García | D32: C.P. Marisol Zavala Torres
B33: Rector | D33: Directora de Administración y Finanzas
B37: ___________________________________-
C38: C.P. Alejandra González Sixtos
C39: Jefa del Depto Contabilidad

Sheet NOTAS
A3: NOTAS A LOS ESTADOS FINANCIEROS
A4: Al 31 de Marzo del 2017
G7: Ente Público: | H7: UNIVERSIDAD TECNOLÓGICA DEL SUROESTE DE GUANAJUATO
A9: NOTAS DE DESGLOSE
B11: I) NOTAS AL ESTADO DE SITUACIÓN FINANCIERA
B13: ACTIVO
B15: * EFECTIVO Y EQUIVALENTES
B17: ESF-01 FONDOS C/INVERSIONES FINANCIERAS | C17: MONTO | D17: TIPO | E17: MONTO PARCIAL
B18: 1114 Inversiones a 3 meses | C18: 24080829 | D18: 0 | E18: 0
D19: 0 | E19: 0
B20: 1121 Inversiones mayores a 3 meses hasta 12. | C20: 13127705 | D20: 0 | E20: 0
D21: 0 | E21: 0
B22: 1211 INVERSIONES A LP | D22: 0 | E22: 0
C23: =SUM(C18:C22) -> 37208535 | E23: =SUM(E18:E22) -> 0
B27: * DERECHOSA RECIBIR EFECTIVO Y EQUIVALENTES Y BIENES O SERVICIOS A RECIBIR
B29: ESF-02 INGRESOS P/RECUPERAR | C29: MONTO | D29: 2013 | E29: 2012
B30: 1122 CUENTAS POR COBRAR CP | C30: 685787.85 | D30: 686365.35 | E30: 610341.85
B32: 1124 INGRESOS POR RECUPERAR CP
C35: =SUM(C30:C34) -> 685787.85 | D35: =SUM(D30:D34) -> 686365.35 | E35: =SUM(E30:E34) -> 610341.85
B38: ESF-03 DEUDORES P/RECUPERAR | C38: MONTO | D38: 90 DIAS | E38: 180 DIAS | F38: 365 DIAS
B39: 1123 DEUDORES PENDIENTES POR RECUPERAR
B41: 1125 DEUDORES POR ANTICIPOS
C43: =SUM(C38:C42) -> 0 | D43: =SUM(D38:D42) -> 0 | E43: =SUM(E38:E42) -> 0 | F43: =SUM(F38:F42) -> 0
B47: * BIENES DISPONIBLES PARA SU TRANSFORMACIÓN O CONSUMO.
B49: ESF-05 INVENTARIO Y ALMACENES | C49: MONTO | D49: METODO
B50: 1140 INVENTARIOS | C50: 2393800.4 | D50: 0
D51: 0
B52: 1150 ALMACENES
D53: 0
C54: =SUM(C49:C53) -> 2393800.4
B58: * INVERSIONES FINANCIERAS.
B60: ESF-06 FIDEICOMISOS, MANDATOS Y CONTRATOS ANALOGOS | C60: MONTO | D60: TIPO | E60: CARACTERISTICAS | F60: NOMBRE DE FIDEICOMIS0O | G60: OBJETO
B61: 1213 FIDEICOMISOS, MANDATOS Y CONTRATOS ANÁLOGOS | D61: 0 | E61: 0 | F61: 0 | G61: 0
D62: 0 | E62: 0 | F62: 0 | G62: 0
D63: 0 | E63: 0 | F63: 0 | G63: 0
D64: 0 | E64: 0 | F64: 0 | G64: 0
C65: =SUM(C60:C64) -> 0 | D65: 0 | E65: 0 | F65: 0 | G65: 0
B69: ESF-07 PARTICIPACIONES Y APORTACIONES DE CAPITAL | C69: MONTO | D69: TIPO | E69: EMPRESA/OPDES
B70: 1214 PARTICIPACIONES Y APORTACIONES DE CAPITAL | D70: 0 | E70: 0
D71: 0 | E71: 0
C72: =SUM(C70:C71) -> 0
B78: * BIENES MUEBLES, INMUEBLES E INTAGIBLES
B81: ESF-08 BIENES MUEBLES E INMUEBLES | C81: SALDO INICIAL | D81: SALDO FINAL | E81: FLUJO | F81: CRITERIO
B82: 1230 BIENES INMUEBLES, INFRAESTRUCTURA Y CONTRUCCIONES EN PROCESO | C82: 1.5635145e+08 | D82: 1.5774225e+08 | E82: =D82-C82 -> 1390797.9 | F82: 0
E83: =D83-C83 -> 0 | F83: 0
B84: 1240 BIENES MUEBLES | C84: 84970012 | D84: 85469030 | E84: =D84-C84 -> 499017.59 | F84: 0
E85: =D85-C85 -> 0 | F85: 0
B86: 1260 DEPRECIACIÓN, DETERIORO Y AMORTIZACIÓN ACUMULADA DE BIENES | C86: -13601670 | D86: -13601670 | E86: 0 | F86: 0
F87: 0
C88: =SUM(C82:C86) -> 2.2771979e+08 | D88: =SUM(D82:D86) -> 2.2960961e+08 | E88: =SUM(E82:E86) -> 1889815.5
B91: ESF-09 INTANGIBLES Y DIFERIDOS | C91: SALDO INICIAL | D91: SALDO FINAL | E91: FLUJO | F91: CRITERIO
B92: 1250 ACTIVOS INTANGIBLES
B94: 1270 ACTIVOS DIFERIDOS | C94: 129285.27 | D94: 129285.27 | E94: 129285.27
B96: 1260 DEPRECIACIÓN, DETERIORO Y AMORTIZACIÓN ACUMULADA DE BIENES
C98: =SUM(C96:C97) -> 0 | D98: =SUM(D96:D97) -> 0 | E98: =SUM(E96:E97) -> 0
B101: ESF-10 ESTIMACIONES Y DETERIOROS | C101: MONTO
B102: 1280 ESTIMACIÓN POR PÉRDIDA O DETERIORO DE ACTIVOS NO CIRCULANTES
C105: =SUM(C103:C104) -> 0
B108: ESF-11 OTROS ACTIVOS | C108: MONTO | D108: CARACTERÍSTICAS
C114: =SUM(C112:C113) -> 0
B118: PASIVO
B120: ESF-12 CUENTAS Y DOCUMENTOS POR PAGAR | C120: MONTO | D120: 90 DIAS | E120: 180 DIAS | F120: 365 DIAS
B121: 2110 CUENTAS POR PAGAR A CORTO PLAZO | C121: -46809584
B123: 2120 DOCUMENTOS POR PAGAR A CORTO PLAZO
C125: =SUM(C121:C124) -> -46809584 | D125: =SUM(D123:D124) -> 0 | E125: =SUM(E123:E124) -> 0 | F125: =SUM(F123:F124) -> 0
B129: ESF-13 OTROS PASIVOS DIFERIDOS A CORTO PLAZO | C129: MONTO | D129: NATURALEZA | E129: CARACTERÍSTICAS
B130: 2159 OTROS PASIVOS DIFERIDOS A CORTO PLAZO
C133: =SUM(C131:C132) -> 0
B136: ESF-13 FONDOS Y BIENES DE TERCEROS EN GARANTÍA Y/O ADMINISTRACIÓN A CORTO PLAZO | C136: MONTO | D136: NATURALEZA | E136: CARACTERÍSTICAS
B137: 2160 FONDOS Y BIENES DE TERCEROS EN GARANTÍA Y/O ADMINISTRACIÓN CP
C140: =SUM(C138:C139) -> 0
B143: ESF-13 PASIVO DIFERIDO A LARGO PLAZO | C143: MONTO | D143: NATURALEZA | E143: CARACTERÍSTICAS
B144: 2240 PASIVOS DIFERIDOS A LARGO PLAZO
C147: =SUM(C145:C146) -> 0
B150: ESF-14 OTROS PASIVOS CIRCULANTES | C150: MONTO | D150: NATURALEZA | E150: CARACTERISTICAS
B151: 2199 OTROS PASIVOS CIRCULANTES | C151: 0 | D151: 0 | E151: 0
D152: 0 | E152: 0
D153: 0 | E153: 0
C154: =SUM(C152:C153) -> 0
B158: II) NOTAS AL ESTADO DE ACTIVIDADES
B160: INGRESOS DE GESTIÓN
B162: ERA-01 INGRESOS | C162: MONTO | D162: NOTA | E162: CARACTERISTICAS
B163: 4100 INGRESOS DE GESTIÓN | C163: -1263238.5
B165: 4200 PARTICIPACIONES, APORTACIONES, TRANSFERENCIAS, ASIGNACIONES, SUBSIDIOS Y OTRAS AYUDAS | C165: -13642415
C167: =SUM(C163:C165) -> -14905653
B170: ERA-02 OTROS INGRESOS Y BENEFICIOS | C170: MONTO | D170: NOTA | E170: CARACTERISTICAS
B171: 4300 OTROS INGRESOS Y BENEFICIOS | C171: -154198.9
C175: =SUM(C171:C174) -> -154198.9
B179: GASTOS Y OTRAS PÉRDIDAS
B181: ERA-03 GASTOS | C181: MONTO | D181: %GASTO | E181: EXPLICACION
B182: 5000 GASTOS Y OTRAS PERDIDAS | C182: 11542511 | D182: 100 | E182: 0
E183: 0
E184: 0
E185: 0
C186: =SUM(C182:C185) -> 11542511 | D186: =SUM(D182:D185) -> 100
B190: III) NOTAS AL ESTADO DE VARIACIÓN A LA HACIEDA PÚBLICA
B192: VHP-01 PATRIMONIO CONTRIBUIDO | C192: SALDO INICIAL | D192: SALDO FINAL | E192: MODIFICACION | F192: TIPO | G192: NATURALEZA
B193: 3110 HACIENDA PUBLICA/PATRIMONIO CONTRIBUIDO | C193: -2.2668741e+08 | D193: -2.104764e+08 | E193: =D193-C193 -> 16211005 | F193: 0 | G193: 0
C196: =SUM(C193:C195) -> -2.2668741e+08 | D196: =SUM(D193:D195) -> -2.104764e+08 | E196: =SUM(E193:E195) -> 16211005
B200: VHP-02 PATRIMONIO GENERADO | C200: SALDO INICIAL | D200: SALDO FINAL | E200: MODIFICACION | F200: NATURALEZA
...

Sheet EAI
B1: ESTADO ANALÍTICO DE INGRESOS
D2: POR FUENTE DE FINANCIAMIENTO Y FUENTE DE FINANCIAMIENTO/RUBRO
B3: Al 31 de Marzo del 2017
D5: Ente Público: | E5: UNIVERSIDAD TECNOLÓGICA DEL SUROESTE DE GUANAJUATO
B7: Rubro de Ingresos | E7: Ingreso | J7: Diferencia
E8: Estimado | F8: Ampliaciones y Reducciones | G8: Modificado | H8: Devengado | I8: Recaudado
E9: (1) | F9: (2) | G9: (3= 1 + 2) | H9: (4) | I9: (5) | J9: (6 = 5 - 1 )
B11: Impuestos | E11: 0 | F11: 0 | G11: =+E11+F11 -> 0 | H11: 0 | I11: 0 | J11: =+I11-E11 -> 0
B12: Cuotas y Aportaciones de Seguridad Social | E12: 0 | F12: 0 | G12: =+E12+F12 -> 0 | H12: 0 | I12: 0 | J12: =+I12-E12 -> 0
B13: Contribuciones de Mejoras | E13: 0 | F13: 0 | G13: =+E13+F13 -> 0 | H13: 0 | I13: 0 | J13: =+I13-E13 -> 0
B14: Derechos | E14: 0 | F14: 0 | G14: =+E14+F14 -> 0 | H14: 0 | I14: 0 | J14: =+I14-E14 -> 0
B15: Productos | E15: 7472500 | F15: 354308 | G15: =E15+F15 -> 7826808 | H15: 1389253.2 | I15: 1389253.2 | J15: =I15-E15 -> -6083246.8
C16: Corriente | E16: 7472500 | F16: 354308 | G16: =E16+F16 -> 7826808 | H16: 0 | I16: 0 | J16: 0
C17: Capital | F17: 0 | G17: =E17+F17 -> 0 | J17: =I17-E17 -> 0
B18: Aprovechamientos | E18: 220000 | F18: 4708485.6 | G18: =E18+F18 -> 4928485.6 | H18: 24106.09 | I18: 24106.09 | J18: =I18-E18 -> -195893.91
C19: Corriente | E19: 220000 | F19: 0 | H19: 0 | I19: 0 | J19: 0
C20: Aprovechamientos | E20: 0 | F20: 0 | G20: =E20+F20 -> 0 | H20: 0 | I20: 0 | J20: =I20-E20 -> 0
C21: No Comprendidos en las fracciones de la Ley de Ingresos causadas en | E21: 0 | F21: 0 | G21: =E21+F21 -> 0 | H21: 0 | I21: 0 | J21: =I21-E21 -> 0
C22: ejercicios fiscales anteriores pendiente de liquidación o pago | E22: 0 | F22: 0 | G22: =E22+F22 -> 0 | H22: 0 | I22: 0 | J22: =I22-E22 -> 0
B23: Ingresos por Ventas de Bienes y Servicios | E23: 78500 | F23: 0 | G23: =E23+F23 -> 78500 | H23: 4034.5 | I23: 4034.5 | J23: =I23-E23 -> -74465.5
B24: Participaciones y Aportaciones | E24: 0 | F24: 39551765 | G24: =E24+F24 -> 39551765 | H24: 7714210 | I24: 7714210 | J24: =I24-E24 -> 7714210
B25: Transferencias, asignaciones, subsidios | E25: 35699970 | F25: 828211.31 | G25: =E25+F25 -> 36528181 | H25: 8787185 | I25: 8787185 | J25: =I25-E25 -> -26912785
B26: Otros recursos | E26: 0 | F26: 0 | G26: =E26+F26 -> 0 | H26: 0 | I26: 0 | J26: =I26-E26 -> 0
C27: Aprovechamientos de tipo corriente | E27: 0 | F27: 0 | G27: =E27+F27 -> 0 | H27: 0 | I27: 0 | J27: =I27-E27 -> 0
D28: Total | E28: 43470970 | F28: =SUM(F11+F12+F13+F14+F15+F18+F23+F24+F25+F27) -> 45442770 | G28: =G15+G18+G24+G25+G27+G23 -> 88913740 | H28: =SUM(H11+H12+H13+H14+H15+H18+H23+H24+H25+H27) -> 17918789 | I28: =SUM(I11+I12+I13+I14+I15+I18+I23+I24+I25+I27) -> 17918789 | J28: =J15+J24+J23+J25+J18 -> -25552181
H29: Ingresos excedentes¹
B31: Estado Analítico de Ingresos Por Fuente de Financiamiento | E31: Ingreso | J31: Diferencia
E32: Estimado | F32: Ampliaciones y Reducciones | G32: Modificado | H32: Devengado | I32: Recaudado
E33: (1) | F33: (2) | G33: (3= 1 + 2) | H33: (4) | I33: (5) | J33: (6 = 5 - 1 )
B35: Ingresos Propios | E35: 7771000 | F35: 5062793.6 | G35: 12833794 | H35: 1417393.8 | I35: 1417393.8 | J35: -6353606.2
C36: Productos | E36: 7472500 | F36: 354308 | G36: 7826808 | H36: 1389253.2 | I36: 1389253.2 | J36: =I36-E36 -> -6083246.8
D37: Productos de tipo corriente | E37: 7472500 | F37: 354308 | G37: 7826808 | H37: 1389253.2 | I37: 1389253.2 | J37: =I37-E37 -> -6083246.8
C38: Aprovechamientos | E38: 220000 | F38: 4708485.6 | G38: 4928485.6 | H38: 24106.09 | I38: 24106.09 | J38: =I38-E38 -> -195893.91
D39: Aprovechamientos de tipo corriente | E39: 220000 | F39: 42576.55 | G39: 262576.55 | H39: 24106.09 | I39: 24106.09 | J39: =I39-E39 -> -195893.91
D40: Aprovechamientos no comprendidos | E40: 0 | F40: 4665909 | G40: 4665909 | H40: 0 | I40: 0 | J40: =I40-E40 -> 0
C41: Ingresos por ventas de bienes y servicios | E41: 78500 | F41: 0 | G41: 78500 | H41: 4034.5 | I41: 4034.5 | J41: =I41-E41 -> -74465.5
D42: Ingresos por ventas de bienes y serv. Org. Des. | E42: 78500 | F42: 0 | G42: 78500 | H42: 4034.5 | I42: 4034.5 | J42: =I42-E42 -> -74465.5
C43: Trans. Asignaciones, Subsidios | E43: 0 | F43: 0 | G43: 0 | H43: 0 | I43: 0 | J43: =I43-E43 -> 0
D44: Trans. Internas y asignaciones a sector público | E44: 0 | F44: 0 | G44: 0 | H44: 0 | I44: 0 | J44: =I44-E44 -> 0
B45: Recursos Federales | E45: 0 | F45: 39551765 | G45: 39551765 | H45: 7714210 | I45: 7714210 | J45: =I45-E45 -> 7714210
C46: Aprovechamientos | E46: =E47 -> 0 | F46: 0 | G46: 0 | H46: 0 | I46: 0 | J46: =J47 -> 0
D47: Aprovechamientos no comprendidos | E47: 0 | F47: 0 | G47: 0 | H47: 0 | I47: 0 | J47: =I47-E47 -> 0
C48: Participaciones y aportaciones | E48: =E49+E50 -> 0 | F48: 39551765 | G48: 39551765 | H48: 7714210 | I48: 7714210 | J48: =I48-E48 -> 7714210
D49: Aportaciones | E49: 0 | F49: 7533726.5 | G49: 7533726.5 | H49: 0 | I49: 0 | J49: =I49-E49 -> 0
D50: Convenios | E50: 0 | F50: 32018038 | G50: 32018038 | H50: 7714210 | I50: 7714210 | J50: =I50-E50 -> 7714210
C51: Trans. Asignaciones, Subsidios | E51: 0 | F51: 0 | G51: 0 | H51: 0 | I51: 0 | J51: =I51-E51 -> 0
D52: Trans. Internas y asignaciones a sector público | E52: 0 | F52: 0 | G52: 0 | H52: 0 | I52: 0 | J52: =I52-E52 -> 0
B53: Recursos Estatales | E53: 35699970 | F53: 828211.31 | G53: 36528181 | H53: 8787185 | I53: 8787185 | J53: =I53-E53 -> -26912785
C54: Trans. Asignaciones, Subsidios | E54: 35699970 | F54: 828211.31 | G54: 36528181 | H54: 8787185 | I54: 8787185 | J54: =I54-E54 -> -26912785
D55: Trans. Internas y asignaciones a sector público | E55: 35699970 | F55: 828211.31 | G55: 36528181 | H55: 8787185 | I55: 8787185 | J55: =I55-E55 -> -26912785
B56: Otros Recursos | E56: =E57 -> 0 | F56: 0 | G56: 0 | H56: 0 | I56: 0 | J56: =I56-E56 -> 0
C57: Aprovechamientos | E57: =E58 -> 0 | F57: 0 | G57: 0 | H57: 0 | I57: 0 | J57: =I57-E57 -> 0
D58: Aprovechamientos tipo corriente | E58: 0 | F58: 0 | G58: 0 | H58: 0 | I58: 0 | J58: =I58-E58 -> 0
B59: Falta de clasificar | E59: =E60 -> 0 | F59: =F60 -> 0 | G59: =+E59+F59 -> 0 | H59: 0 | I59: =I60 -> 0 | J59: =I59-E59 -> 0
C60: Participaciones y aportaciones | E60: =E61+E62 -> 0 | F60: =F61+F62 -> 0 | G60: =+E60+F60 -> 0 | H60: 0 | I60: 0 | J60: =I60-E60 -> 0
C61: Aportaciones | E61: 0 | F61: 0 | G61: =+E61+F61 -> 0 | H61: 0 | I61: 0 | J61: =I61-E61 -> 0
C62: Convenios | E62: 0 | F62: 0 | G62: =E62+F62 -> 0 | H62: 0 | I62: 0 | J62: =I62-E62 -> 0
D63: Total | E63: 43470970 | F63: 45442770 | G63: =E63+F63 -> 88913740 | H63: 17918789 | I63: 17918789 | J63: =I63-E63 -> -25552181
B64: Bajo protesta de decir verdad declaramos que los Estados Financieros y sus Notas son razonablemente correctos y responsabilidad del emisor | H64: Ingresos excedentes¹
B66: ¹ Los ingresos excedentes se presentan para efectos de cumplimiento de la Ley General de Contabilidad Gubernamental y el importe reflejado debe ser siempre mayor a cero
D74: Mtro. Alejandro Sánchez García | H74: C.P. Marisol Zavala Torres
D75: Rector | H75: Directora de Administración y Finanzas
I76: Autorizó
F80: _________________________________
F81: C.P. Norma Guadalupe Guevara Elizarraraz
E82: Jefe del Departamento de Programación y Presupuesto
F83: Elaboró

Sheet CAdmon
C2: ESTADO ANALÍTICO DEL EJERCICIO DEL PRESUPUESTO DE EGRESOS
C3: CLASIFICACIÓN ADMINISTRATIVA
C4: Al 31 de Marzo de 2017
D6: Ente Público: | E6: UNIVERSIDAD TECNOLÓGICA DEL SUROESTE DE GUANAJUATO
C8: Concepto | E8: Egresos | L8: Subejercicio
E9: Aprobado | F9: Ampliaciones/ (Reducciones) | G9: Modificado | H9: Comprometido | I9: Devengado | J9: Ejercido | K9: Pagado
E10: 1 | F10: 2 | G10: 3 = (1 + 2 ) | H10: 4 | I10: 5 | J10: 6 | K10: 7 | L10: 6 = ( 3 - 5 )
D12: DIRECCIÓN GENERAL | E12: 43470970 | F12: 45442770 | G12: 88913740 | H12: 12963132 | I12: 12588591 | J12: 12588591 | K12: 12579516 | L12: 76325149
D13: COORDINACIÓN ADMINISTRATIVA | E13: 0 | F13: 0 | G13: 0 | H13: 0 | I13: 0 | J13: 0 | K13: 0 | L13: 0
D14: COORDINACIÓN ACADEMICA | E14: 0 | F14: 0 | G14: =+E14+F14 -> 0 | H14: 0 | I14: 0 | J14: 0 | K14: 0 | L14: =+G14-I14 -> 0
E15: 0 | F15: 0 | G15: =+E15+F15 -> 0 | H15: 0 | I15: 0 | J15: 0 | K15: 0 | L15: =+G15-I15 -> 0
E16: 0 | F16: 0 | G16: =+E16+F16 -> 0 | H16: 0 | I16: 0 | J16: 0 | K16: 0 | L16: =+G16-I16 -> 0
E17: 0 | F17: 0 | G17: =+E17+F17 -> 0 | H17: 0 | I17: 0 | J17: 0 | K17: 0 | L17: =+G17-I17 -> 0
E18: 0 | F18: 0 | G18: =+E18+F18 -> 0 | H18: 0 | I18: 0 | J18: 0 | K18: 0 | L18: =+G18-I18 -> 0
E19: 0 | F19: 0 | G19: =+E19+F19 -> 0 | H19: 0 | I19: 0 | J19: 0 | K19: 0 | L19: =+G19-I19 -> 0
E20: 0 | F20: 0 | G20: 0 | H20: 0 | I20: 0 | J20: 0 | K20: 0 | L20: =+G20-I20 -> 0
D22: Total del Gasto | E22: =SUM(E12:E20) -> 43470970 | F22: =SUM(F12:F20) -> 45442770 | G22: =SUM(G12:G20) -> 88913740 | H22: =SUM(H12:H20) -> 12963132 | I22: =SUM(I12:I20) -> 12588591 | J22: =SUM(J12:J20) -> 12588591 | K22: =SUM(K12:K20) -> 12579516 | L22: =SUM(L12:L20) -> 76325149
C24: Bajo protesta de decir verdad declaramos que los Estados Financieros y sus Notas son razonablemente correctos y responsabilidad del emisor
D31: Mtro. Alejandro Sánchez García. | H31: C.P. Marisol Zavala Torres
D32: Rector | H32: Directora de Administración y Finanzas
I33: Autorizó
E39: C.P. Norma Guadalupe Guevara Elizarraraz
E40: Jefe del Departamento de Programación y Presupuesto
F41: Elaboró

Sheet CTG
C1: ESTADO ANALÍTICO DEL EJERCICIO DEL PRESUPUESTO DE EGRESOS
C2: CLASIFICACIÓN ECONÓMICA (POR TIPO DE GASTO)
C3: Al 31 de Marzo de 2017
D5: Ente Público: | E5: UNIVERSIDAD TECNOLÓGICA DEL SUROESTE DE GUANAJUATO
C7: Concepto | E7: Egresos | L7: Subejercicio
E8: Aprobado | F8: Ampliaciones/ (Reducciones) | G8: Modificado | H8: Comprometido | I8: Devengado | J8: Ejercido | K8: Pagado
E9: 1 | F9: 2 | G9: 3 = (1 + 2 ) | H9: 4 | I9: 5 | J9: 6 | K9: 7 | L9: 6 = ( 3 - 5 )
D10: Gastos | E10: 39418762 | F10: 42465052 | G10: 81883813 | H10: 12963132 | I10: 12588591 | J10: 12588591 | K10: 12579516 | L10: 69295223
D11: Gasto Corriente | E11: 33618762 | F11: 28185674 | G11: 61804435 | H11: 11427335 | I11: 11197793 | J11: 11197793 | K11: 11188718 | L11: 50606643
E12: 0 | F12: 0 | G12: 0 | H12: 0 | I12: 0 | J12: 0 | K12: 0 | L12: 0
D13: Gasto de Capital | E13: 5800000 | F13: 14279378 | G13: 20079378 | H13: 1535797.9 | I13: 1390797.9 | J13: 1390797.9 | K13: 1390797.9 | L13: 18688580
D14: Financiamiento | E14: 4052208 | F14: 2977718.2 | G14: 7029926.2 | H14: 0 | I14: 0 | J14: 0 | K14: 0 | L14: 7029926.2
D15: Fuentes Financieras | E15: 4052208 | F15: 2977718.2 | G15: 7029926.2 | H15: 0 | I15: 0 | J15: 0 | K15: 0 | L15: 7029926.2
D17: Total del Gasto | E17: =+E11+E13+E15 -> 43470970 | F17: =+F11+F13+F15 -> 45442770 | G17: =+G11+G13+G15 -> 88913740 | H17: 12963132 | I17: =+I11+I13+I15 -> 12588591 | J17: =+J11+J13+J15 -> 12588591 | K17: =+K11+K13+K15 -> 12579516 | L17: =+L11+L13+L15 -> 76325149
D19: Bajo protesta de decir verdad declaramos que los Estados Financieros y sus Notas son razonablemente correctos y responsabilidad del emisor
E24: =IF(E17=[2]CAdmon!E22," ","") | F24: =IF(F17=[2]CAdmon!F22," ","") | G24: =IF(G17=[2]CAdmon!G22," ","") | I24: =IF(I17=[2]CAdmon!I22," ","") | K24: =IF(K17=[2]CAdmon!K22," ","") | L24: =IF(L17=[2]CAdmon!L22," ","")
D26: Mtro. Alejandro Sánchez García. | I26: C.P. Marisol Zavala Torres
D27: Rector | I27: Director de Administración y Finanzas
J28: Autolizó
E35: ____________________________________________
E36: C.P. Norma Guadalupe Guevara Elizarraraz
E37: Jefe del Departamento de Programación y Presupuesto
E38: Elaboró

Sheet COG
C1: ESTADO ANALÍTICO DEL EJERCICIO DEL PRESUPUESTO DE EGRESOS
C2: CLASIFICACIÓN POR OBJETO DEL GASTO (CAPÍTULO Y CONCEPTO)
C3: Al 31 de Marzo de 2017
D5: Ente Público: | E5: UNIVERSIDAD TECNOLÓGICA DEL SUROESTE DE GUANAJUATO
C7: Concepto | E7: Egresos | L7: Subejercicio
E8: Aprobado | F8: Ampliaciones/ (Reducciones) | G8: Modificado | H8: Comprometido | I8: Devengado | J8: Ejercido | K8: Pagado
E9: 1 | F9: 2 | G9: 3 = (1 + 2 ) | H9: 4 | I9: 5 | J9: 6 | K9: 7 | L9: 6 = ( 3 - 5 )
C10: Servicios Personales | E10: 21749159 | F10: =SUM(F11:F16) -> 20441111 | G10: =+E10+F10 -> 42190270 | H10: 9204211.8 | I10: 9175784.8 | J10: 9175784.8 | K10: 9175784.8 | L10: 33014485
D11: Remuneraciones al Personal de Carácter Permanente | E11: 11233680 | F11: 11233680 | G11: 22467359 | H11: 5585278.8 | I11: 5585278.8 | J11: 5585278.8 | K11: 5585278.8 | L11: 16882081
D12: Remuneraciones al Personal de Carácter Transitorio | E12: 4366239 | F12: 3396239 | G12: 7762478 | H12: 1989780.4 | I12: 1989780.4 | J12: 1989780.4 | K12: 1989780.4 | L12: 5772697.5
D13: Remuneraciones Adicionales y Especiales | E13: 1944519.2 | F13: 1944519.2 | G13: 3889038.4 | H13: 82057.82 | I13: 82057.82 | J13: 82057.82 | K13: 82057.82 | L13: 3806980.6
D14: Seguridad Social | E14: 3428646.5 | F14: 3196846.5 | G14: 6625493 | H14: 1239725.8 | I14: 1211298.9 | J14: 1211298.9 | K14: 1211298.9 | L14: 5414194.1
D15: Otras Prestaciones Sociales y Económicas | E15: 608451.58 | F15: 611201.58 | G15: 1219153.2 | H15: 307368.92 | I15: 307368.92 | J15: 307368.92 | K15: 307368.92 | L15: 912284.24
D16: Pago de Estímulos a Servidores Públicos | E16: 167623 | F16: 58625 | G16: 226248 | H16: 0 | I16: 0 | J16: 0 | K16: 0 | L16: 226248
C17: Materiales y Suministros | E17: 2700256.6 | F17: 2396084.9 | G17: =+E17+F17 -> 5096341.6 | H17: 504458.51 | I17: 308416.66 | J17: 308416.66 | K17: 307197.66 | L17: =+G17-I17 -> 4787924.9
D18: Materiales de Administración, Emisión de Documento | E18: 1051196.4 | F18: 824276.45 | G18: 1423392.9 | H18: 260847.68 | I18: 69447.68 | J18: 69447.68 | K18: 69447.68 | L18: 1806025.2
D19: Alimentos y Utensilios | E19: 181627.03 | F19: 69436.03 | G19: 251063.06 | H19: 10357.5 | I19: 10357.5 | J19: 10357.5 | K19: 9860.5 | L19: 240705.56
D20: Materias Primas y Materiales de Producción | E20: 33888.53 | F20: 15584.53 | G20: 48473.06 | H20: 2334.34 | I20: 2334.34 | J20: 2334.34 | K20: 2334.34 | L20: 47138.72
D21: Materiales y Artículos de Construcción y Reparación | E21: 200952.68 | F21: 309580.68 | G21: 345453.36 | H21: 8714.6 | I21: 6543.59 | J21: 6543.59 | K21: 6543.59 | L21: 503989.77
D22: Productos Químicos, Farmaceuticos y de Laboratorio | E22: 114225.92 | F22: 107526.19 | G22: 155276.84 | H22: 13699 | I22: 13699 | J22: 13699 | K22: 13699 | L22: 208053.11
D23: Combustibles, Lubricantes y Aditivos | E23: 680141.81 | F23: 646051.81 | G23: 1307893.6 | H23: 124391.93 | I23: 124199.93 | J23: 124199.93 | K23: 123477.93 | L23: 1201993.7
D24: Vestuario, Blancos y Prendas de Protección | E24: 198050 | F24: 55550 | G24: 238600 | H24: 61798.3 | I24: 61798.3 | J24: 61798.3 | K24: 61798.3 | L24: 191801.7
D25: Herramientas, Refacciones y accesorios menores | E25: 240174.22 | F25: 368079.22 | G25: 384348.44 | H25: 22315.16 | I25: 20036.32 | J25: 20036.32 | K25: 20036.32 | L25: 588217.12
C26: Servicios Generales | E26: 8766646.1 | F26: 4959068.8 | G26: =+E26+F26 -> 13725715 | H26: 1678442.3 | I26: 1673369.4 | J26: =SUM(J27:J35) -> 1673369.4 | K26: 1665514 | L26: =+G26-I26 -> 12052345
D27: Servicios Básicos | E27: 820908.35 | F27: 745908.35 | G27: =E27+F27 -> 1566816.7 | H27: 351410.66 | I27: 351410.66 | J27: 351410.66 | K27: 351410.66 | L27: 1215406
D28: Servicio de Arrendamiento | E28: 726904 | F28: 487504 | G28: =E28+F28 -> 1214408 | H28: 78601.68 | I28: 78601.68 | J28: 78601.68 | K28: 78601.68 | L28: 1135806.3
D29: Serv. Prof., científicos y tecnicos integrales | E29: 1386327.8 | F29: 1067250.8 | G29: =E29+F29 -> 2453578.7 | H29: 94094.32 | I29: 92791.41 | J29: 92791.41 | K29: 92791.41 | L29: 2360787.3
D30: Servicios financieros y bancarios | E30: 213600 | F30: 213600 | G30: =E30+F30 -> 427200 | H30: 19344.15 | I30: 19344.15 | J30: 19344.15 | K30: 14673.5 | L30: 407855.85
D31: Servicios de instalación, reparación y mantenimiento | E31: 1666152.8 | F31: 1462292.5 | G31: =E31+F31 -> 3128445.2 | H31: 217573.31 | I31: 213803.31 | J31: 213803.31 | K31: 213803.31 | L31: 2914641.9
D32: Servicios de Comunicación Social | E32: 297670 | F32: 47670 | G32: =E32+F32 -> 345340 | H32: 32781.6 | I32: 32781.6 | J32: 32781.6 | K32: 32781.6 | L32: 312558.4
D33: Servicio de traslado y viaticos | E33: 816001.83 | F33: 341927.83 | G33: =E33+F33 -> 1157929.7 | H33: 50138.57 | I33: 50138.57 | J33: 50138.57 | K33: 46953.77 | L33: 1107791.1
D34: Servicios Oficiales | E34: 1033748.4 | F34: 302322.4 | G34: =E34+F34 -> 1336070.8 | H34: 50138.57 | I34: 84255.03 | J34: 84255.03 | K34: 84255.03 | L34: 1251815.8
D35: Otros Servicios Generales | E35: 1805332.9 | F35: 290592.88 | G35: =E35+F35 -> 2095925.8 | H35: 750243 | I35: 750243 | J35: 750243 | K35: 750243 | L35: 1345682.8
C36: Transferencias, Asignaciones, Subsidios y Otras Ayudas | E36: 402700 | F36: 389409 | G36: =+E36+F36 -> 792109 | H36: 40221.94 | I36: 40221.94 | J36: 40221.94 | K36: 40221.94 | L36: 751887.06
D37: Ayudas Sociales | E37: 402700 | F37: 389409 | G37: =E37+F37 -> 792109 | H37: 40221.94 | I37: 40221.94 | J37: 40221.94 | K37: 40221.94 | L37: 751887.06
C38: Bienes Muebles, Inmuebles e Intangibles | E38: 5000000 | F38: 4229142.5 | G38: =+E38+F38 -> 9229142.5 | H38: =SUM(H39:H43) -> 145000 | I38: 0 | J38: 0 | K38: 0 | L38: =+G38-I38 -> 9229142.5
D39: Mobiliario y equipo de administración | E39: 0 | F39: 0 | G39: =E39+F39 -> 0 | H39: 0 | I39: 0 | J39: 0 | K39: 0 | L39: 2478219.4
D40: Mobiliario y equipo educacional y recreativo | E40: 0 | F40: 0 | G40: =E40+F40 -> 0 | H40: 0 | I40: 0 | J40: 0 | K40: 0 | L40: 1546064.5
D41: Equipo e instrumental médico y de laboratorio | E41: 0 | F41: 0 | G41: =E41+F41 -> 0 | H41: 0 | I41: 0 | J41: 0 | K41: 0 | L41: =G41-I41 -> 0
D42: Vehículos y equipo de transporte | E42: 5000000 | F42: 4229142.5 | G42: =E42+F42 -> 9229142.5 | H42: 145000 | I42: 0 | J42: 0 | K42: 0 | L42: 5000000
D43: Maquinaria, otros equipos y herramienta | E43: 0 | F43: 0 | G43: =E43+F43 -> 0 | H43: 0 | I43: 0 | J43: 0 | K43: 0 | L43: 204858.64
C44: Inversión Pública | E44: =SUM(E45:E46) -> 800000 | F44: 10050235 | G44: =SUM(E44:F44) -> 10850235 | H44: 1390797.9 | I44: 1390797.9 | J44: 1390797.9 | K44: 1390797.9 | L44: =+G44-I44 -> 9459437.6
D45: Obra Pública en Bienes de Dominio Público | E45: 0 | F45: 0 | G45: =E45+F45 -> 0 | H45: 0 | I45: 1390797.9 | J45: 1390797.9 | K45: 1390797.9 | L45: 9459437.6
D46: Obra Pública en Bienes propios | E46: 800000 | F46: 10050235 | G46: =E46+F46 -> 10850235 | H46: 0 | I46: 0 | J46: 0 | K46: 0 | L46: =G46-I46 -> 10850235
C47: Invesiones Financieras y Otras Provisiones | E47: =SUM(E48) -> 4052208 | F47: 2977718.2 | G47: =E47+F47 -> 7029926.2 | H47: 1390797.9 | I47: 0 | J47: 0 | K47: 0 | L47: =+G47-I47 -> 7029926.2
D48: Provisiones para contingencias y otras erogaciones | E48: 4052208 | F48: 2977718.2 | G48: =E48+F48 -> 7029926.2 | H48: 0 | I48: 0 | J48: 0 | K48: 0 | L48: =G48-I48 -> 7029926.2
D49: Total del Gasto | E49: =+E10+E17+E26+E36+E38+E44+E47 -> 43470970 | F49: =+F10+F17+F26+F36+F38+F44+F47 -> 45442770 | G49: =+G10+G17+G26+G36+G38+G44+G47 -> 88913740 | H49: =+H10+H17+H26+H36+H38+H44 -> 12963132 | I49: =+I10+I17+I26+I36+I38+I44 -> 12588591 | J49: =+J10+J17+J26+J36+J38+J44 -> 12588591 | K49: =+K10+K17+K26+K36+K38+K44 -> 12579516 | L49: =+L10+L17+L26+L36+L38+L44+L47 -> 76325149
C51: Bajo protesta de decir verdad declaramos que los Estados Financieros y sus Notas son razonablemente correctos y responsabilidad del emisor
D58: Mtro. Alejandro Sánchez García. | G58: C.P. Marisol Zavala Torres
D59: Rector. | G59: Directora de Administración y Finanzas
I60: Autorizó
E67: C.P. Norma Guadalupe Guevara Elizarraraz
E68: Jefe del Departamento de Programación y Presupuesto
F69: Elaboró

Sheet CFG
B1: ESTADO ANALÍTICO DEL EJERCICIO DEL PRESUPUESTO DE EGRESOS
B2: CLASIFICACIÓN FUNCIONAL (FINALIDAD Y FUNCIÓN)
B3: Al 31 de Marzo de 2017
C5: Ente Público: | D5: UNIVERSIDAD TECNOLÓGICA DEL SUROESTE DE GUANAJUATO
B7: Concepto | D7: Egresos | K7: Subejercicio
D8: Aprobado | E8: Ampliaciones/ (Reducciones) | F8: Modificado | G8: Comprometido | H8: Devengado | I8: Ejercido | J8: Pagado
D9: 1 | E9: 2 | F9: 3 = (1 + 2 ) | G9: 4 | H9: 5 | I9: 6 | J9: 7 | K9: 6 = ( 3 - 5 )
B11: Gobierno | D11: =SUM(D12:D20) -> 0 | E11: =SUM(E12:E20) -> 0 | F11: =SUM(F12:F20) -> 0 | G11: =SUM(G12:G20) -> 0 | H11: =SUM(H12:H20) -> 0 | I11: =SUM(I12:I20) -> 0 | J11: =SUM(J12:J20) -> 0 | K11: =SUM(K12:K20) -> 0
C12: Legislación | D12: 0 | E12: 0 | F12: =+D12+E12 -> 0 | G12: 0 | H12: 0 | I12: 0 | J12: 0 | K12: =+F12-H12 -> 0
C13: Justicia | D13: 0 | E13: 0 | F13: =+D13+E13 -> 0 | G13: 0 | H13: 0 | I13: 0 | J13: 0 | K13: =+F13-H13 -> 0
C14: Coordinación de la Política de Gobierno | D14: 0 | E14: 0 | F14: =+D14+E14 -> 0 | G14: 0 | H14: 0 | I14: 0 | J14: 0 | K14: =+F14-H14 -> 0
C15: Relaciones Exteriores | D15: 0 | E15: 0 | F15: =+D15+E15 -> 0 | G15: 0 | H15: 0 | I15: 0 | J15: 0 | K15: =+F15-H15 -> 0
C16: Asuntos Financieros y Hacendarios | D16: 0 | E16: 0 | F16: =+D16+E16 -> 0 | G16: 0 | H16: 0 | I16: 0 | J16: 0 | K16: =+F16-H16 -> 0
C17: Seguridad Nacional | D17: 0 | E17: 0 | F17: =+D17+E17 -> 0 | G17: 0 | H17: 0 | I17: 0 | J17: 0 | K17: =+F17-H17 -> 0
C18: Asuntos de Orden Público y de Seguridad Interior | D18: 0 | E18: 0 | F18: =+D18+E18 -> 0 | G18: 0 | H18: 0 | I18: 0 | J18: 0 | K18: =+F18-H18 -> 0
C19: Otros Servicios Generales | D19: 0 | E19: 0 | F19: =+D19+E19 -> 0 | G19: 0 | H19: 0 | I19: 0 | J19: 0 | K19: =+F19-H19 -> 0
D20: 0 | E20: 0 | F20: =+D20+E20 -> 0 | G20: 0 | H20: 0 | I20: 0 | J20: 0 | K20: 0
B21: Desarrollo Social | D21: =SUM(D22:D28) -> 43470970 | E21: 45442770 | F21: =+D21+E21 -> 88913740 | G21: 12963132 | H21: =SUM(H22:H28) -> 12588591 | I21: =SUM(I22:I28) -> 12588591 | J21: =SUM(J22:J28) -> 0 | K21: =+F21-H21 -> 76325149
C22: Protección Ambiental | D22: 0 | E22: 0 | F22: =+D22+E22 -> 0 | G22: 0 | H22: 0 | I22: 0 | J22: 0 | K22: =+F22-H22 -> 0
C23: Vivienda y Servicios a la Comunidad | D23: 0 | E23: 0 | F23: =+D23+E23 -> 0 | G23: 0 | H23: 0 | I23: 0 | J23: 0 | K23: =+F23-H23 -> 0
C24: Salud | D24: 0 | E24: 0 | F24: =+D24+E24 -> 0 | G24: 0 | H24: 0 | I24: 0 | J24: 0 | K24: =+F24-H24 -> 0
C25: Recreación, Cultura y Otras Manifestaciones Sociales | D25: 0 | E25: 0 | F25: =+D25+E25 -> 0 | G25: 0 | H25: 0 | I25: 0 | J25: 0 | K25: =+F25-H25 -> 0
C26: Educación | D26: 43470970 | E26: 45442770 | F26: 73590063 | G26: 12963132 | H26: 12588591 | I26: 12588591 | J26: =SUM(J27:J33) -> 0 | K26: 76325149
C27: Protección Social | D27: 0 | E27: 0 | F27: =+D27+E27 -> 0 | G27: 0 | H27: 0 | I27: 0 | J27: 0 | K27: =+F27-H27 -> 0
C28: Otros Asuntos Sociales | D28: 0 | E28: 0 | F28: =+D28+E28 -> 0 | G28: 0 | H28: 0 | I28: 0 | J28: 0 | K28: =+F28-H28 -> 0
D29: 0 | E29: 0 | F29: =+D29+E29 -> 0 | G29: 0 | H29: 0 | I29: 0 | J29: 0 | K29: 0
B30: Desarrollo Económico | D30: =SUM(D31:D39) -> 0 | E30: =SUM(E31:E39) -> 0 | F30: =+D30+E30 -> 0 | G30: 0 | H30: 0 | I30: 0 | J30: 0 | K30: =+F30-H30-J30 -> 0
C31: Asuntos Económicos, Comerciales y Laborales en General | D31: 0 | E31: 0 | F31: =+D31+E31 -> 0 | G31: 0 | H31: 0 | I31: 0 | J31: 0 | K31: =+F31-H31 -> 0
C32: Agropecuaria, Silvicultura, Pesca y Caza | D32: 0 | E32: 0 | F32: =+D32+E32 -> 0 | G32: 0 | H32: 0 | I32: 0 | J32: 0 | K32: =+F32-H32-J32 -> 0
C33: Combustibles y Energía | D33: 0 | E33: 0 | F33: =+D33+E33 -> 0 | G33: 0 | H33: 0 | I33: 0 | J33: 0 | K33: =+F33-H33 -> 0
C34: Minería, Manufacturas y Construcción | D34: 0 | E34: 0 | F34: =+D34+E34 -> 0 | G34: 0 | H34: 0 | I34: 0 | J34: 0 | K34: =+F34-H34 -> 0
C35: Transporte | D35: 0 | E35: 0 | F35: =+D35+E35 -> 0 | G35: 0 | H35: 0 | I35: 0 | J35: 0 | K35: =+F35-H35 -> 0
C36: Comunicaciones | D36: 0 | E36: 0 | F36: =+D36+E36 -> 0 | G36: 0 | H36: 0 | I36: 0 | J36: 0 | K36: =+F36-H36 -> 0
C37: Turismo | D37: 0 | E37: 0 | F37: =+D37+E37 -> 0 | G37: 0 | H37: 0 | I37: 0 | J37: 0 | K37: =+F37-H37 -> 0
C38: Ciencia, Tecnología e Innovación | D38: 0 | E38: 0 | F38: =+D38+E38 -> 0 | G38: 0 | H38: 0 | I38: 0 | J38: 0 | K38: =+F38-H38 -> 0
C39: Otras Industrias y Otros Asuntos Económicos | D39: 0 | E39: 0 | F39: =+D39+E39 -> 0 | G39: 0 | H39: 0 | I39: 0 | J39: 0 | K39: =+F39-H39 -> 0
D40: 0 | E40: 0 | F40: 0 | G40: 0 | H40: 0 | I40: 0 | J40: 0 | K40: 0
B41: Otras no Clasificadas en Funciones Anteriores | D41: 0 | E41: 0 | F41: =+D41+E41 -> 0 | G41: 0 | H41: 0 | I41: 0 | J41: 0 | K41: =+F41-H41 -> 0
C42: Transacciones de la Deuda Publica / Costo Financiero de la Deuda | D42: 0 | E42: 0 | F42: =+D42+E42 -> 0 | G42: 0 | H42: 0 | I42: 0 | J42: 0 | K42: =+F42-H42 -> 0
C43: Transferencias, Participaciones y Aportaciones entre Diferentes Niveles y Ordenes de Gobierno | D43: 0 | E43: 0 | F43: 0 | G43: 0 | H43: 0 | I43: 0 | J43: 0 | K43: 0
C44: Saneamiento del Sistema Financiero | D44: 0 | E44: 0 | F44: =+D44+E44 -> 0 | G44: 0 | H44: 0 | I44: 0 | J44: 0 | K44: =+F44-H44 -> 0
C45: Adeudos de Ejercicios Fiscales Anteriores | D45: 0 | E45: 0 | F45: =+D45+E45 -> 0 | G45: 0 | H45: 0 | I45: 0 | J45: 0 | K45: =+F45-H45 -> 0
D46: 0 | E46: 0 | F46: 0 | G46: 0 | H46: 0 | I46: 0 | J46: 0 | K46: 0
C47: Total del Gasto | D47: =+D11+D21+D30+D41 -> 43470970 | E47: =+E11+E21+E30+E41 -> 45442770 | F47: =+F11+F21+F30+F41 -> 88913740 | G47: =+G11+G21+G30+G41 -> 12963132 | H47: =+H11+H21+H30+H41 -> 12588591 | I47: =+I11+I21+I30+I41 -> 12588591 | J47: =+J11+J21+J30+J41 -> 0 | K47: =+K11+K21+K30+K41 -> 76325149
B49: Bajo protesta de decir verdad declaramos que los Estados Financieros y sus Notas son razonablemente correctos y responsabilidad del emisor | F49: =IF(F47=[2]CAdmon!G22," ","") | H49: =IF(H47=[2]CAdmon!I22," ","") | J49: =IF(J47=[2]CAdmon!K22," ","") | K49: =IF(K47=[2]CAdmon!L22," ","")
C56: Mtro. Alejandro Sánchez García. | F56: C.P. Marisol Zavala Torres
C57: Rector | F57: Directora de Administración y Finanzas
H58: Autorizó
D64: C.P. Norma Guadalupe Guevara Elizarraraz
D65: Jefe del Departamento de Programación y Presupuesto
E66: Elaboró

Sheet EN
B1: ESTADO ANALÍTICO DEL EJERCICIO DEL PRESUPUESTO DE EGRESOS
B2: ENDEUDAMIENTO NETO
B3: Al 31 de Marzo de 2017
D5: Ente Público: | E5: UNIVERSIDAD TECNOLÓGICA DEL SUROESTE DE GUANAJUATO
B7: Identificación de Crédito o Instrumento | D7: Contratación / Colocación | F7: Amortización | H7: Endeudamiento Neto
D8: A | F8: B | H8: C = A - B
B9: Créditos Bancarios
H10: =+D10-F10 -> 0
H11: =+D11-F11 -> 0
H12: =+D12-F12 -> 0
H13: =+D13-F13 -> 0
H14: =+D14-F14 -> 0
H15: =+D15-F15 -> 0
H16: =+D16-F16 -> 0
H17: =+D17-F17 -> 0
H18: =+D18-F18 -> 0
B19: Total Créditos Bancarios | D19: =SUM(D10:E18) -> 0 | F19: =SUM(F10:G18) -> 0 | H19: =+D19-F19 -> 0
B21: Otros Instrumentos de Deuda
H23: =+D23-F23 -> 0
H24: =+D24-F24 -> 0
H25: =+D25-F25 -> 0
H26: =+D26-F26 -> 0
H27: =+D27-F27 -> 0
H28: =+D28-F28 -> 0
H29: =+D29-F29 -> 0
H30: =+D30-F30 -> 0
B31: Total Otros Instrumentos de Deuda | D31: =SUM(D22:E30) -> 0 | F31: =SUM(F22:G30) -> 0 | H31: =+D31-F31 -> 0
B33: TOTAL | D33: =+D19+D31 -> 0 | F33: =+F19+F31 -> 0 | H33: =+H19+H31 -> 0
B35: Bajo protesta de decir verdad declaramos que los Estados Financieros y sus Notas son razonablemente correctos y responsabilidad del emisor
B43: Mtro. Alejandro Sánchez García | F43: C.P. Marisol Zavala Torres
B44: Rector | F44: Directora de Administración y Finanzas
G45: Autorizó

Sheet IPF
B1: ESTADO ANALÍTICO DEL EJERCICIO DEL PRESUPUESTO DE EGRESOS
B2: INDICADORES DE POSTURA FISCAL
B3: Al 31 de Marzo de 2017
C6: Ente Público: UNIVERSIDAD TECNOLÓGICADEL SUROESTE DE GUANAJUATO
B9: Concepto | D9: Estimado | E9: Devengado | F9: Pagado 3
C11: I. Ingresos Presupuestarios (I=1+2) | D11: =D12+D13 -> 43470970 | E11: =E12+E13 -> 17918789 | F11: =F12+F13 -> 17918789
B12: 1. Ingresos del Gobierno de la Entidad Federativa 1 | D12: =+[1]EAI!E33 -> 0 | E12: =+[1]EAI!H33 -> 0 | F12: =+[1]EAI!I33 -> 0
B13: 2. Ingresos del Sector Paraestatal 1 | D13: 43470970 | E13: 17918789 | F13: 17918789
C14: II. Egresos Presupuestarios (II=3+4) | D14: =D15+D16 -> 43470970 | E14: =E15+E16 -> 12588591 | F14: =F15+F16 -> 12579516
B15: 3. Egresos del Gobierno de la Entidad Federativa 2
B16: 4. Egresos del Sector Paraestatal 2 | D16: 43470970 | E16: 12588591 | F16: 12579516
C17: III. Balance Presupuestario (Superávit o Déficit) (III = I - II) | D17: 0 | E17: =E11-E14 -> 5330198 | F17: =F11-F14 -> 5339272.4
B19: Concepto | D19: Estimado | E19: Devengado | F19: Pagado 3
B21: III. Balance presupuestario (Superávit o Déficit) | D21: =+D17 -> 0 | E21: 0 | F21: =F15-F18 -> 0
B23: IV. Intereses, Comisiones y Gastos de la Deuda
C25: V. Balance Primario ( Superávit o Déficit) (V= III - IV) | D25: =+D21-D23 -> 0 | E25: 5330198 | F25: 5339272.4
B27: Concepto | D27: Estimado | E27: Devengado | F27: Pagado 3
B29: A. Financiamiento | D29: =+[1]EAI!E52 -> 0 | E29: =+[1]EAI!H51 -> 0 | F29: =+[1]EAI!I54 -> 0
B31: B. Amortización de la deuda
C33: C. Endeudamiento ó desendeudamiento (C = A - B) | D33: =+D29-D31 -> 0 | E33: =+E29-E31 -> 0 | F33: =+F29-F31 -> 0
B35: Bajo protesta de decir verdad declaramos que los Estados Financieros y sus Notas son razonablemente correctos y responsabilidad del emisor
C36: 1 Los Ingresos que se presentan son los ingresos presupuestario totales sin incluir los ingresos por financiamientos. Los Ingresos del Gobierno de la Entidad Federativa corresponden a los del Poder Ejecutivo, Legislativo Judicial y Autónomos
C37: 2 Los egresos que se presentan son los egresos presupuestarios totales sin incluir los egresos por amortización. Los egresos del Gobierno de la Entidad Federativa corresponden a los del Poder Ejecutivo, Legislativo, Judicial y Órganos Autónomos
C38: 3 Para Ingresos se reportan los ingresos recaudados; para egresos se reportan los egresos pagados
C45: Mtro. Alejandro Sánchez García | D45: C.P. Marisol Zavala Torres
C46: Rector | D46: Directora de Administración y Finanzas

Sheet ID
B1: ESTADO ANALÍTICO DEL EJERCICIO DEL PRESUPUESTO DE EGRESOS
B2: INTERESES DE LA DEUDA
B3: Al 31 Marzo 2017
B5: Ente Público: | C5: UNIVERSIDAD TECNOLÓGICA DEL SUROESTE DE GUANAJUATO
B7: Identificación de Crédito o Instrumento | D7: Devengado | E7: Pagado
B8: Créditos Bancarios
B19: Total de Intereses de Créditos Bancarios | D19: =SUM(D9:D18) -> 0 | E19: =SUM(E9:E18) -> 0
B21: Otros Instrumentos de Deuda
B34: Total de Intereses de Otros Instrumentos de Deuda | D34: =SUM(D22:D33) -> 0 | E34: =SUM(E22:E33) -> 0
B36: TOTAL | D36: =+D19+D34 -> 0 | E36: =+E19+E34 -> 0
B38: Bajo protesta de decir verdad declaramos que los Estados Financieros y sus Notas son razonablemente correctos y responsabilidad del emisor
B45: Mtro. Alejandro Sánchez García. | D45: C.P. Marisol Zavala Torres
B46: Rector | D46: Directora de Administración y Finanzas

Sheet CProg
B2: GASTO POR CATEGORIA PROGRAMÁTICA
B3: Al 31 de Marzo del 2017
D5: Ente Público: | E5: UNIVERSIDAD TECNOLÓGICA DEL SUROESTE DE GUANAJUATO
B7: Concepto | E7: Egresos | L7: Subejercicio
E8: Aprobado | F8: Ampliaciones/ (Reducciones) | G8: Modificado | H8: Comprometido | I8: Devengado | J8: Ejercido | K8: Pagado
E9: 1 | F9: 2 | G9: 3 = (1 + 2 ) | H9: 4 | I9: 5 | J9: 6 | K9: 7 | L9: 6 = ( 3 - 5 )
B10: Programas | E10: 42959680 | F10: 45442770 | G10: 88402450 | H10: 0 | I10: 12588591 | J10: 12588591 | K10: 12579516 | L10: 75813859
C11: Subsidios: Sector Social y Privado o Entidades Federativas y Municipios | E11: 0 | F11: 0 | G11: 0 | H11: 0 | I11: 0 | J11: 0 | K11: 0 | L11: =+G11-I11 -> 0
D12: Sujetos a Reglas de Operación | E12: 0 | F12: 0 | G12: =+E12+F12 -> 0 | H12: 0 | I12: 0 | J12: 0 | K12: 0 | L12: =+G12-I12 -> 0
D13: Otros Subsidios | E13: 0 | F13: 0 | G13: 0 | H13: 0 | I13: 0 | J13: 0 | K13: 0 | L13: =+G13-I13 -> 0
C14: Desempeño de las Funciones | E14: =SUM(E15:E22) -> 40109056 | F14: 42842146 | G14: 82951202 | H14: 0 | I14: 11613014 | J14: 11613014 | K14: 11603939 | L14: 71338188
D15: Prestación de Servicios Públicos | E15: 25581611 | F15: 31001749 | G15: 56583360 | H15: 0 | I15: 9015461.6 | J15: 9015461.6 | K15: 9006387.1 | L15: 47567898
D16: Provisión de Bienes Públicos | E16: 0 | F16: 0 | G16: 0 | H16: 0 | I16: 0 | J16: 0 | K16: 0 | L16: =+G16-I16 -> 0
D17: Planeación, seguimiento y evaluación de políticas públicas | E17: 14527445 | F17: 11840398 | G17: =F17+E17 -> 26367842 | H17: 0 | I17: 2597552.2 | J17: 2597552.2 | K17: 2597552.2 | L17: 23770290
D18: Promoción y fomento | E18: 0 | F18: 0 | G18: 0 | H18: 0 | I18: 0 | J18: 0 | K18: 0 | L18: =+G18-I18 -> 0
D19: Regulación y supervisión | E19: 0 | F19: 0 | G19: 0 | H19: 0 | I19: 0 | J19: 0 | K19: 0 | L19: =+G19-I19 -> 0
D20: Funciones de las Fuerzas Armadas (Únicamente Gobierno Federal) | E20: 0 | F20: 0 | G20: 0 | H20: 0 | I20: 0 | J20: 0 | K20: 0 | L20: =+G20-I20 -> 0
D21: Específicos | E21: 0 | F21: 0 | G21: 0 | H21: 0 | I21: 0 | J21: 0 | K21: 0 | L21: =+G21-I21 -> 0
D22: Proyectos de Inversión | E22: 0 | F22: 0 | G22: 0 | H22: 0 | I22: 0 | J22: 0 | K22: 0 | L22: =+G22-I22 -> 0
C23: Administrativos y de Apoyo | E23: 0 | F23: 0 | G23: 0 | H23: 0 | I23: 0 | J23: 0 | K23: 0 | L23: 0
D24: Apoyo al proceso presupuestario y para mejorar la eficiencia institucional | E24: 0 | F24: 0 | G24: 0 | H24: 0 | I24: 0 | J24: 0 | K24: 0 | L24: 0
D25: Apoyo a la función pública y al mejoramiento de la gestión | E25: 0 | F25: 0 | G25: 0 | H25: 0 | I25: 0 | J25: 0 | K25: 0 | L25: =+G25-I25 -> 0
D26: Operaciones ajenas | E26: 0 | F26: 0 | G26: 0 | H26: 0 | I26: 0 | J26: 0 | K26: 0 | L26: =+G26-I26 -> 0
C27: Compromisos | E27: 2850623.6 | F27: 2600623.6 | G27: 5451247.3 | H27: 0 | I27: 975576.95 | J27: 975576.95 | K27: 975576.95 | L27: 4475670.3
D28: Obligaciones de cumplimiento de resolución jurisdiccional | E28: 2850623.6 | F28: 2600623.6 | G28: 5451247.3 | H28: 0 | I28: 975576.95 | J28: 975576.95 | K28: 975576.95 | L28: =+G28-I28 -> 4475670.3
D29: Desastres Naturales | E29: 0 | F29: 0 | G29: 0 | H29: 0 | I29: 0 | J29: 0 | K29: 0 | L29: =+G29-I29 -> 0
C30: Obligaciones | E30: =SUM(E31:E34) -> 0 | F30: 0 | G30: 0 | H30: 0 | I30: 0 | J30: 0 | K30: 0 | L30: =+G30-I30 -> 0
D31: Pensiones y jubilaciones | E31: 0 | F31: 0 | G31: 0 | H31: 0 | I31: 0 | J31: 0 | K31: 0 | L31: =+G31-I31 -> 0
D32: Aportaciones a la seguridad social | E32: 0 | F32: 0 | G32: 0 | H32: 0 | I32: 0 | J32: 0 | K32: 0 | L32: =+G32-I32 -> 0
D33: Aportaciones a fondos de estabilización | E33: 0 | F33: 0 | G33: 0 | H33: 0 | I33: 0 | J33: 0 | K33: 0 | L33: =+G33-I33 -> 0
D34: Aportaciones a fondos de inversión y reestructura de pensiones | E34: 0 | F34: 0 | G34: 0 | H34: 0 | I34: 0 | J34: 0 | K34: 0 | L34: =+G34-I34 -> 0
C35: Programas de Gasto Federalizado (Gobierno Federal) | E35: =SUM(E36) -> 0 | F35: 0 | G35: 0 | H35: 0 | I35: 0 | J35: 0 | K35: 0 | L35: =+G35-I35 -> 0
D36: Gasto Federalizado | E36: 0 | F36: 0 | G36: 0 | H36: 0 | I36: 0 | J36: 0 | K36: 0 | L36: =+G36-I36 -> 0
B37: Participaciones a entidades federativas y municipios | E37: 0 | F37: 0 | G37: 0 | H37: 0 | I37: 0 | J37: 0 | K37: 0 | L37: =+G37-I37 -> 0
B38: Costo financiero, deuda o apoyos a deudores y ahorradores de la banca | E38: 0 | F38: 0 | G38: 0 | H38: 0 | I38: 0 | J38: 0 | K38: 0 | L38: =+G38-I38 -> 0
B39: Adeudos de ejercicios fiscales anteriores | E39: 0 | F39: 0 | G39: 0 | H39: 0 | I39: 0 | J39: 0 | K39: 0 | L39: =+G39-I39 -> 0
E40: 0 | F40: 0 | G40: 0 | H40: 0 | I40: 0 | J40: 0 | K40: 0 | L40: =+G40-I40 -> 0
C41: Total del Gasto | E41: 42959680 | F41: 45442770 | G41: 88402450 | H41: =+H11+H14+H23+H27+H30+H35+H37+H38+H39 -> 0 | I41: 12588591 | J41: 12588591 | K41: 12579516 | L41: 75813859
B43: Bajo protesta de decir verdad declaramos que los Estados Financieros y sus Notas son razonablemente correctos y responsabilidad del emisor
D53: Mtro. Alejandro Sánchez García | G53: C.P. Marisol Zavala Torres
D54: Rector | G54: Directora de Administración y Finanzas

Sheet PyPI
B2: PROGRAMAS Y PROYECTOS DE INVERSIÓN
B3: Al 31 de Marzo del 2017
D5: Ente Público: | E5: UNIVERSIDAD TECNOLÓGICA DEL SUROESTE DE GUANAJUATO
B7: Tipo de Programas y Proyectos | E7: Programa o Proyecto | G7: UR | H7: Egresos | O7: Subejercicio | P7: % Avance Financiero
F8: Denominación | H8: Aprobado | I8: Ampliaciones/ (Reducciones) | J8: Modificado | K8: Comprometido | L8: Devengado | M8: Ejercido | N8: Pagado | P8: Devengado/ Aprobado | Q8: Devengado/ Modificado
H9: 1 | I9: 2 | J9: 3 = (1 + 2 ) | K9: 4 | L9: 5 | M9: 6 | N9: 7 | O9: 6 = ( 3 - 5 ) | P9: 5/1 | Q9: 5/3
C14: G0101 | E14: Fondo de Contingencia | F14: Cafetería 1a. Etapa | G14: 3024 | H14: 5746824.6 | I14: 0 | J14: 5746824.6 | K14: 0 | L14: 0 | M14: 0 | N14: 0 | O14: 0 | P14: =L14/H14 -> 0 | Q14: =L14/J14 -> 0
C15: P0605 | E15: Ingresos Propios | F15: Torres de vigilancia | G15: 3024 | H15: 44797.45 | I15: 0 | J15: 44797.45 | K15: 0 | L15: 0 | M15: 0 | N15: 0 | O15: 0 | P15: =L15/H15 -> 0 | Q15: =L15/J15 -> 0
C16: G0101 | E16: Ingresos Propios | F16: Construcción de fachada de acceso peatonal y vehicular, incluye caseta de vigilancia y obra exterior. | G16: 3024 | H16: 1389753.3 | I16: 0 | J16: 1389753.3 | K16: 0 | L16: 0 | M16: 0 | N16: 0 | O16: 0 | P16: 0 | Q16: =L16/J16 -> 0
C17: Q1364 | E17: FAM 2009 | F17: Integracion de obra exterior para edificio de docencia 2 niveles en la UTS | G17: 3024 | H17: 6135753 | I17: 0 | J17: 6135753 | K17: 0 | L17: 0 | M17: 1390797.9 | N17: 1390797.9 | O17: 0 | P17: =L17/J17 -> 0 | Q17: =L17/J17 -> 0
C18: Q1364 | E18: FADOES 2010 | F18: Integración de obra exterior y andadores principales para el centro de información y consulta CIC EN UTS | G18: 3024 | H18: 3878690.7 | I18: 0 | J18: 3878690.7 | K18: 0 | L18: 0 | M18: 0 | N18: 0 | O18: 0 | P18: =L18/J18 -> 0 | Q18: =L18/J18 -> 0
O19: =+H19-L19 -> 0
O20: =+H20-L20 -> 0
O21: =+H21-L21 -> 0
C22: Q0467 | E22: Derechos educativos | F22: Construcción de cancha de futbol Uruguayo | G22: 3024 | H22: 2633285.2 | I22: 0 | J22: 2633285.2 | K22: 0 | L22: 0 | M22: 0 | N22: 0 | O22: 0 | P22: =L22/J22 -> 0 | Q22: =L22/J22 -> 0
O23: =+H23-L23 -> 0
O24: =+H24-L24 -> 0
O25: =+H25-L25 -> 0
C26: P0605 | E26: Ingresos propios (Derechos Educativos 2016) | F26: Remodelación Cámara Gesell | G26: 3024 | H26: 253203.14 | I26: 0 | J26: 253203.14 | K26: 0 | L26: 0 | M26: 0 | N26: =SUM(N27:N27) -> 0 | O26: 0 | P26: 0 | Q26: 0
O27: =+H27-L27 -> 0
C28: G0101 | E28: Ingresos propios 2016 (Productos) | F28: Construcción de Obelisco Institucional | G28: 3024 | H28: 287722.24 | I28: 0 | J28: 287722.24 | K28: 0 | L28: =SUM(L29:L30) -> 0 | M28: 0 | N28: =SUM(N29:N30) -> 0 | O28: 0 | P28: 0 | Q28: 0
O29: =+H29-L29 -> 0
O30: =+H30-L30 -> 0
C31: P0605 | E31: Ingresos propios (Derechos Educativos y productos 2016) | F31: 2a. Etapa de Construcción Fachada Acceso | G31: 3024 | H31: 949996.66 | I31: 0 | J31: 949996.66 | K31: 0 | L31: =SUM(L32) -> 0 | M31: 0 | N31: =SUM(N32) -> 0 | O31: 0 | P31: 0 | Q31: 0
O32: =+H32-L32 -> 0
O33: =+H33-L33 -> 0
C34: Total del Gasto | H34: 21607338 | I34: =I14+I15 -> 0 | J34: 21607338 | K34: =K14+K15 -> 0 | L34: =L14+L15+L16+L17+L18+L22 -> 0 | M34: =M14+M15+M16+M17+M18+M22 -> 1390797.9 | N34: =N14+N15+N16+N17+N18+N22 -> 1390797.9 | O34: =O14+O15+O16+O17+O18+O22 -> 0
B36: Bajo protesta de decir verdad declaramos que los Estados Financieros y sus Notas son razonablemente correctos y responsabilidad del emisor
D43: Mtro. Alejandro Sánchez García | H43: C.P. Marisol Zavala Torres
D44: Rector | H44: Directora de Administración y Finanzas

Sheet IR
B1: INDICADORES PARA RESULTADOS
B3: Al 31 de Enero de 2017
D5: Ente Público: | E5: UNIVERSIDAD TECNOLÓGICA DEL SUROESTE DE GUANAJUATO
B7: PROGRAMA DE GOBIERNO | D7: CATEGORÍA PROGRAMÁTICA | I7: INDICADORES | P7: METAS | U7: PRESUPUESTO (PESOS)
B8: Eje | C8: Estrategia Transversal | D8: F | E8: FN | F8: SF | G8: PP | H8: UR | I8: Denominación del Indicador | J8: Nivel | K8: Tipo | L8: Dimensión a Medir | M8: Frecuencia de Medición | N8: Unidad de Medida | O8: Fórmula | P8: Programada | Q8: Modificada | R8: Alcanzada | S8: Porcentaje de Cumplimiento | U8: Aprobado | V8: Modificado | W8: Devengado | X8: Porcentaje de Presupuesto
S9: Alc. / Prog. | T9: Alc. / Modif. | X9: Dev. / Aprob. | Y9: Dev. / Modif.
C41: Total del Gasto | E41: =+E11+E14+E23+E27+E30+E35+E37+E38+E39 -> 0 | G41: =+G11+G14+G23+G27+G30+G35+G37+G38+G39 -> 0 | H41: =+H11+H14+H23+H27+H30+H35+H37+H38+H39 -> 0 | I41: 0 | J41: 0 | K41: 0 | L41: 0 | M41: 0 | N41: 0 | O41: 0 | P41: 0 | Q41: 0 | R41: 0 | S41: 0 | T41: 0 | U41: 0 | V41: 0 | W41: 0 | X41: 0 | Y41: 0
B43: Bajo protesta de decir verdad declaramos que los Estados Financieros y sus Notas son razonablemente correctos y responsabilidad del emisor
D51: M. en A. Olimpia Liliana Rivas García | K51: C.P. Marisol Zavala Torres
D52: Encargada de Rectoría | H52: Directora de Administración y Finanzas

Sheet Rel Cta Banc
A2: RELACIÓN DE CUENTAS BANCARIAS PRODUCTIVAS ESPECÍFICAS
A3: Al 31 de Marzo del 2017
A6: Ente Público:____UNIVERSIDAD TECNOLÓGICA DEL SUROESTE DE GUANAJUATO.__________
A8: Fondo, Programa o Convenio | B8: Datos de la Cuenta Bancaria
B9: Institución Bancaria | C9: Número de Cuenta
A10: Ingresos Propios | B10: Banamex | C10: 302-7768805
A11: Ingresos Propios | B11: Banamex | C11: 302-7775887
A12: Gasto Corriente Estatal | B12: BBVABancomer | C12: 0451046985
A13: Construcción y Equipo 2000 | B13: BBVABancomer | C13: 0451046977
A14: Obra 2002 (Estacionamiento y Vialidades) | B14: BBVABancomer | C14: 0133878767
A15: FAM 2007 | B15: BBVABancomer | C15: 0158830479
A16: FAFEF 2010 | B16: BBVABancomer | C16: 0179959084
A17: Gasto Corriente Estatal | B17: BBVABancomer | C17: 107510810
A18: Pagos referenciados | B18: BBVABancomer | C18: 107899629
A19: Ingresos Propios Salamanca | B19: BanBajio | C19: 006222889 0201
A20: Gto Estatal | B20: BanBajio | C20: 006337448 0201
A21: FAFEF 2011 | B21: BanBajio | C21: 006406656 0201
A22: Ingresos Propios TSU | B22: BanBajio | C22: 006553242 0201
A23: FAM 2011 | B23: BanBajio | C23: 006932123 0201
A24: Go Federal | B24: BanBajio | C24: 006936272 0201
A25: Economías Estatales | B25: BanBajio | C25: 007914914 0201
A26: Convenio para Atención Oferta Educativa | B26: BanBajio | C26: 008159774 0201
A27: PIE 2013 | B27: BanBajio | C27: 008887457 0201
A28: PIE Anteriores | B28: BanBajio | C28: 008887234 0201
A29: FAM 2013 | B29: BanBajio | C29: 009717323 0201
A30: Estacionamiento y Vialidades | B30: BanBajio | C30: 009859950 0101
... A37: CICA 2014 | B37: BanBajio | C37: 011776036 0101
A38: PROFOCIE 2015-2016 | B38: BanBajio | C38: 14726913
A39: Inclusión y Equidad | B39: BanBajio | C39: 17270224 0101
A40: Finovatec | B40: BanBajio | C40: 014726574 0101
A41: Biblioteca (Libros) | B41: Santander | C41: 65-50082419-2
A42: Equipamiento 2001 | B42: Santander | C42: 65-50082426-6
A43: Biblioteca 2001 | B43: Santander | C43: 65-50082425-2
A44: Almacén/Econ. Federales | B44: Santander | C44: 65-50133258-4
A45: Gasto Corriente y Agenda Estratégica | B45: Santander | C45: 65-50170030-5
A46: FAM 2009 | B46: Santander | C46: 65-50233369-6
A47: Fondo para Becas | B47: Santander | C47: 65-50233365-1
A48: FAM 2008 | B48: Santander | C48: 65-50235923-1
A49: FAC 2009 | B49: Santander | C49: 65-50248344-8
A50: Salamanca 2009-2010 | B50: Santander | C50: 65-50255248-5
... A54: SAR | B54: Santander | C54: 65-50350129-0
A55: Gasto corriente federal | B55: Santander | C55: 18000042781
A56: Pagos referenciados | B56: Santander | C56: 6550577764-9
A57: Profocie 2016-2017 | B57: Santander | C57: 65505898857
A60: Bajo protesta de decir verdad declaramos que los Estados Financieros y sus Notas son razonablemente correctos y responsabilidad del emisor
A66: Mtro. Alejandro Sánchez García | C66: C.P. Marisol Zavala Torres
A67: Rector | C67: Directora de Administración y Finanzas
B70: _______________________________________
B71: C.P. Alejandra González Sixtos
B72: Jefa del Depto Contabilidad

Sheet Esq Bur
A2: RELACIÓN DE ESQUEMAS BURSÁTILES Y DE COBERTURAS FINANCIERAS
A3: Al 31 de Marzo del 2017
A6: Ente Público:_____UNIVERSIDAD TECNOLÓGICA DEL SUROESTE DE GUANAJUATO.________________________________________________
A8: Instrumentos Financieros | B8: Valor Razonable | C8: Riesgos
A23: Bajo protesta de decir verdad declaramos que los Estados Financieros y sus Notas son razonablemente correctos y responsabilidad del emisor
A28: Mtro. Alejandro Sánchez García | C28: C.P. Marisol Zavala Torres
A29: Rector | C29: Directora de Administración y Finanzas
B32: _______________________________________
B33: C.P. Alejandra González Sixtos
B34: Jefa del Depto Contabilidad

Sheet MPAS
A1: UNIVERSIDAD TECNOLOGICA DEL SUROESTE DE GUANAJUATO MONTOS PAGADOS POR AYUDAS Y SUBSIDIOS AL 31 DE MARZO DEL 2017
A2: CONCEPTO | B2: AYUDA A | C2: SUBSIDIO | D2: SECTOR (económico o social) | E2: BENEFICIARIO | F2: CURP | G2: RFC | H2: MONTO PAGADO
A3: BECAS Y OTRAS AYUDAS PARA PROGRAMAS DE CAPACITACION | C3: X | D3: Social | H3: 0
A5: TOTAL | H5: =SUM(H3:H4) -> 0
B8: _____________________________ | F8: _____________________________
B9: Mtro. Alejandro Sánchez García | F9: C.P. Marisol Zavala Torres
B10: Rector | F10: Directora de Administración y Finanzas

Sheet EDGFR
A1: UNIVERSIDAD TECNOLOGICA DEL SUROESTE DE GUANAJUATO EJERCICIO Y DESTINO DE GASTO FEDERALIZADO Y REINTEGROS DEL 1 DE ENERO AL AL 31 DE MARZO DEL 2017
C2: EJERCICIO
A3: PROGRAMA O FONDO | B3: DESTINO DE LOS RECURSOS | C3: DEVENGADO | D3: PAGADO | E3: REINTEGRO
B12: _____________________________
B13: Mtro. Alejandro Sánchez García | F13: C.P. Marisol Zavala Torres
B14: Rector | F14: Director de Administración y Finanzas

Sheet BInmu
A1: Relación de Bienes Inmuebles que Componen el Patrimonio
A2: Cuenta Pública 2017
A3: (Pesos)
A5: Ente Público: | B5: Poder Ejecutivo / Sector Paraestatal
A7: Código | B7: Descripción del Bien Inmueble | C7: Valor en libros
A8: P1600001 | B8: INTEGRACIÓN OBRA EXTERIOR ED. DOCENCIA 2 NIV. USAL | C8: 0
A9: P1600002 | B9: CANCHA DE FUTBOL URUGUAYO | C9: 0
A10: P1500003 | B10: FACHADA DE ACCESO PEATONAL Y VEHICULAR, CASETA DE | C10: 0
A11: P1600003 | B11: INTEGRACIÓN OBRA EXTERIOR Y ANDADORES PRINCIPALES | C11: 0
A12: P1500002 | B12: CAFETERIA 1RA ETAPA | C12: 0
A13: P1500001 | B13: CONSTRUCCION 2 TORRES DE VIGILANCIA | C13: 182683.72
A14: P1200001 | B14: EDIFICIO DE ALMACEN 2DA. ETAPA EC FED | C14: 1812928.5
A15: P1300001 | B15: CONSTRUCCION Y REHABILITACIÓN DE ESTACIONAMIENTO | C15: 5559497.5
A16: P1400002 | B16: TECHO TIPO VELARIA EN FORO SOL UTSOE REMI.P. | C16: 1640629.6
A17: P1400001 | B17: EDIFICIO DE DOCENCIA DE 1 NIVEL FAM 2013 | C17: 9967840.7
A18: 60000002 | B18: EDIFICIO DE ALMACEN | C18: 1155121.8
A19: 60000001 | B19: EDIFICIO DE RECTORIA | C19: 11473500
A20: 60000000 | B20: VIALIDADES DE ACCESO Y ESTACIONAMIENTO SUR | C20: 3976319

Sheet BMu
A1: Relación de Bienes Muebles que Componen el Patrimonio
A2: Cuenta Pública 2017
A3: (Pesos)
A5: Ente Público: | B5: Poder Ejecutivo / Sector Paraestatal
A8: Código | B8: Descripción del Bien Mueble | C8: Valor en libros
A9: 40100448 | B9: OSCILOSCOPIO | C9: 0
A10: 40100449 | B10: OSCILOSCOPIO | C10: 0
A11: 40100450 | B11: GENERADOR DE FUNCIONES | C11: 0
A12: 40100451 | B12: GENERADOR DE FUNCIONES | C12: 0
A13: 40100452 | B13: LABORATORIO DE ELECTRICIDAD | C13: 0
A14: 10101460 | B14: MESA PARA PC | C14: 0
A15: 10101461 | B15: MESA PARA PC | C15: 0
A16: 10101462 | B16: MESA PARA PC | C16: 0
A17: 10101463 | B17: MESA PARA PC | C17: 0
A18: 10101464 | B18: MESA PARA PC | C18: 0
A19: 10101465 | B19: MESA PARA PC | C19: 0
A20: 10101466 | B20: MESA PARA PC | C20: 0
... A2125: 10000004 | B2125: PANTALLA DE PROYECCION DUAL | C2125: 5313
